Workbook

Sheet VALORES MÍNIMOS
K1: VALORES MÍNIMOS HONORARIOS DE ELECTROMECÁNICA PERÍODO ABRIL 2026 - OCTUBRE 2026
I10: VALOR DE UNIDAD REFERENCIAL: | V10: ='CARGAR datos p calculos'!$J$74 -> 1518000
I12: VALOR DE BOCA: | P12: ='CARGAR datos p calculos'!$M$103 -> 121440
I14: VALOR DE HP: | O14: ='CARGAR datos p calculos'!$M$104 -> 546480
I18: MÍNIMO INSPECCION Y ENSAYO: | V18: ='CARGAR datos p calculos'!$L$111 -> 379500
I22: MÍNIMO PROYECTO: | P22: ='CARGAR datos p calculos'!$L$111 -> 379500
I26: MÍNIMO PROYECTO E INSPECCIÓN Y ENSAYO: | Z26: ='CARGAR datos p calculos'!$L$114 -> 379500
I30: MÍNIMO REPRESENTACIÓN TÉCNICA: | W30: ='CARGAR datos p calculos'!$L$111 -> 379500
I34: MÍNIMO MEDICIÓN: | Q34: ='CARGAR datos p calculos'!$L$111 -> 379500
I38: MÍNIMO INFORME TÉCNICO: | S38: ='CARGAR datos p calculos'!$L$112 -> 493350
I39: INCISO A: | M39: ='CARGAR datos p calculos'!$M$101 -> 75900 | R39: INCISO B: | V39: ='CARGAR datos p calculos'!$M$102 -> 417450
I43: MÍNIMO MEDICION E INFORME TÉCNICO: | X43: ='CARGAR datos p calculos'!$L$113 -> 493350
I47: MÍNIMO PROTOCOLO DE PUESTA A TIERRA 900/15
I48: CATEGORÍA 3°: | N48: ='CARGAR datos p calculos'!$L$115 -> 607200
I49: CATEGORÍA 5°: | N49: ='CARGAR datos p calculos'!$L$116 -> 1518000
I53: MÍNIMO PROTOCOLO DE MEDICION DE PUESTA A TIERRA RES. 1209/21
I54: DE 1 A 3 JABALINAS: | P54: ='CARGAR datos p calculos'!$L$111 -> 379500
I55: DE 4 A 6 JABALINAS: | P55: =('CARGAR datos p calculos'!$L$111)*2 -> 759000
I56: DE 7 A 20 JABALINAS: | P56: =('CARGAR datos p calculos'!$L$111)*3 -> 1138500
I57: MAS DE 20 JABALINAS: 3 VECES EL HONORARIO DE TRES TAREAS MINIMAS,
I58: MAS UNA TAREA MINIMA CADA 5 JABALINAS EXCEDENTES.
I62: MÍNIMO ESTUDIO DE LICITACIÓN: | U62: ='CARGAR datos p calculos'!$L$117 -> 692208

Sheet CARGAR datos
A1: COMPLETAR DATOS EN CASILLAS DE COLOR PARA GENERAR CONTRATOS Y ANEXAS
A4: FECHA Y LUGAR DEL CONTRATO
A5: CIUDAD EN LA QUE SE FIRMA EL CONTRATO | E5: BAHIA BLANCA | H5: DIA | I5: 1 | K5: MES | L5: 7 | M5: AÑO | N5: 2026
K6: NOTA: | L6: Completar el MES con número.
A7: DATOS DEL COMITENTE | W7: TAREAS PROFESIONALES
A8: NOMBRE DEL COMITENTE | E8: - | I8: FIRMA DEL INSTALADOR | L8: FIRMA DEL COMITENTE | O8: IMPORTANTE!: AL COLOCAR LA IMAGEN DE UNA FIRMA, INSERTAR LA IMAGEN EN CELDA Y NO SOBRE CELDA. | W8: PROYECTO
A9: DNI DEL COMITENTE | E9: - | W9: PROYECTO
A10: CUIT / CUIL DEL COMITENTE (Ej: 20-DNI-0) | E10: - | W10: PROYECTO y DIRECCION
A11: NOMBRE DEL REPRESENTANTE | E11: - | W11: PROYECTO/DIRECCION y DIREC. Por Cont. Separados
A12: DNI DEL REPRESENTANTE | E12: - | W12: PROYECTO e INSPECCION Y ENSAYO
A13: TELEFONO/FAX DEL COMITENTE | E13: - | W13: PROY. / DIR. TEC. e INSPECCION Y ENSAYO
A14: E-MAIL DEL COMITENTE | E14: - | W14: PROY. / DIR. TEC. / DIR. Por CONT. SEP. e INSPECCION Y ENSAYO
A15: DOMICILIO REAL DEL COMITENTE | E15: - | H15: Nº | I15: - | J15: PISO | K15: - | L15: DPTO. | M15: - | N15: LOC. | O15: BAHIA BLANCA | P15: C.P | Q15: 8000 | W15: MEDICION
A16: DOMICILIO LEGAL DEL COMITENTE | E16: - | H16: Nº | I16: - | J16: PISO | K16: - | L16: DPTO. | M16: - | N16: LOC. | O16: BAHIA BLANCA | P16: C.P | Q16: 8000 | R16: PART. | S16: BAHIA BLANCA | T16: PCIA. | U16: BUENOS AIRES | W16: INFORME TECNICO
W17: MEDICION e INFORME TECNICO
A18: DATOS DEL PROFESIONAL | W18: MEDICION / INF. TEC. E INSP. Y ENSAYO
A19: NOMBRE DEL PROFESIONAL | E19: - | W19: INSPECCION y ENSAYO
A20: DNI DEL PROFESIONAL | E20: - | W20: INSPECCION y ENSAYO PROTOCOLO 900/15
A21: CUIT / CUIL DEL PROFESIONAL (Ej: 20-DNI-0) | E21: - | W21: REPRESENTACION TECNICA
A22: DOMICILIO REAL DEL PROFESIONAL | E22: - | H22: Nº | I22: - | J22: PISO | K22: - | L22: DPTO. | M22: - | N22: LOC. | O22: BAHIA BLANCA | P22: C.P | Q22: 8000 | W22: REPRESENTACION TECNICA e INSPECCION Y ENSAYO
A23: DOMICILIO LEGAL DEL PROFESIONAL | E23: - | H23: Nº | I23: - | J23: PISO | K23: - | L23: DPTO. | M23: - | N23: LOC. | O23: BAHIA BLANCA | P23: C.P | Q23: 8000 | W23: REPRESENTACION TECNICA DE ASCENSORES
A24: TITULO DEL PROFESIONAL | E24: - | W24: HABILITACION DE ASCENSORES
A25: MATRICULA DEL PROFESIONAL (Ej: T-99999) | E25: - | I25: MAT. MUNICIPAL | K25: - | L25: TEL | M25: - | W25: ASESORAMIENTO | Z25: =DATE(N5,L5,I5) -> 46204
W26: OTRA / OTRAS
A27: DATOS DE TAREA/S
A28: TAREA A REALIZAR POR EL PROFESIONAL | E28: PROYECTO | K28: Seleccionar tarea del menu desplegable
A29: PARA | E29: Completar aquí el objetivo de la tarea
A30: UBICACIÓN (CALLE) DE LA TAREA A REALIZAR | E30: - | H30: Nº | I30: - | J30: PISO | K30: - | L30: DPTO. | M30: - | N30: LOCAL | P30: -
A31: LOCALIDAD | E31: BAHIA BLANCA | H31: PARTIDO | J31: BAHIA BLANCA | M31: PROVINCIA | O31: BUENOS AIRES
A32: DATOS CATASTRALES | E32: CIRC.: | F32: - | G32: SECC.: | H32: - | I32: MZ.: | J32: - | K32: PARC.: | L32: - | M32: PARTIDA: | O32: -
A33: ENTRE LAS CALLES | E33: - | H33: y | I33: - | M33: C.P | O33: 8000
A35: DATOS DEL CONTRATO
A36: PLAZO DE VIGENCIA DEL CONTRATO (NUMERO DE MESES) | F36: 6
A37: JURISDICCION DE TRIBUNALES ACTUANTES | F37: BAHIA BLANCA
A38: FORMA DE PAGO | F38: CONTADO
A39: CARÁCTER DEL CONTRATO (ORIGINAL/AMPLIATORIO) | F39: AMPLIATORIO
A41: Dejar como aparece (Otras.) la siguiente fila o agregar texto SOLO si existiera clausula o condicion especial, y de hacerlo, tener en cuenta que se agregara al final del contrato. (Revisar antes de la impresion). Hasta 100 caracteres
A43: CLAUSULAS Y CONDICIONES ESPECIALES | E43: Otras.
A45: COMPLETAR DATOS EN CASILLAS DE COLOR PARA GENERAR CAIE
A47: POTENCIA INSTALADA | E47: - | F47: Kw | H47: POTENCIA A DEMANDAR | L47: - | M47: Kw | O47: POTENCIA DE ACOPLE A INSTALAR | S47: - | T47: Kw
A50: MONOFASICA | E50: - | G50: INDUSTRIAL | I50: - | K50: OBRA | N50: - | P50: REHABILITACION | S50: -
G51: COMERCIAL | I51: - | K51: DEFINITIVA | N51: - | P51: CENSO DE CARGA | S51: -
A52: TRIFASICA | E52: - | G52: RESIDENCIAL | I52: - | K52: AMPLIACION DE POTENCIA | N52: - | P52: PREFACTIBILIDAD | S52: -
A54: OBSERVACIONES: | C54: -
A55: EXPEDIENTE MUNICIPAL | E55: NÚMERO: | F55: - | G55: LETRA: | H55: - | I55: AÑO: | J55: -
A57: MEDICION DE PUESTA A TIERRA: | H57: PRUEBA DE AISLACION:
A59: MARCA DEL TELURIMETRO | D59: - | H59: MARCA DEL MEGOHMETRO | L59: -
A61: MODELO | D61: - | H61: MODELO | L61: -
A63: Nro DE SERIE | D63: - | H63: Nro DE SERIE | L63: -
A65: VALOR MEDIDO (OHMS) | D65: 8 | H65: VALOR MEDIDO (MOHMS) | L65: -

Sheet CARGAR datos p calculos
P3: PROYECTO
P4: PROYECTO y DIRECCION
P5: Proy./Direc. y Direc. Por Cont. Sep.
P6: MEDIC./Proy. Direc y Direc. Por Cont. Sep.
P7: MEDICION
P8: INFORME TECNICO
P9: MEDICION e INFORME TECNICO
P10: MEDICION e INSPECCION Y ENSAYO
P11: INSPECCION y ENSAYO
P12: INSPECCION y ENSAYO de C.A.I.E.
P13: Insp. y Ens. de ____ JAB. DE Pta. a Tierra
P14: REPRESENTACION TECNICA
P15: HABILITACION DE ASCENSORES
P16: MEDICION - PROYECTO/DIRECCION | T16: Cat. | U16: 3ª
P17: REPRESENTACION TECNICA e INSPECCIONY ENSAYO | U17: 5ª
T21: F | U21: 1.2 | W21: P/D y D. E. 1 | X21: =+IF(D57>0,D64,0) -> 0
U22: 1.3 | W22: Proy. 2 | X22: =+IF(D74>0,D81,0) -> 0
U23: 1.45 | W23: Medicion 3 | X23: =+IF(D90>0,D97,0) -> 0
W25: Inf. Tec. 4 | X25: =+IF(D105>0,D112,0) -> 0
W26: Insp. Y Ens. 5 | X26: =+IF(D120>0,D127,0) -> 0
W27: Repres. Tec. 6 | X27: =+IF(D136>0,D143,0) -> 0
T28: K1 | U28: =X28 -> 0 | X28: =MAX(X21:X27) -> 0
T31: M1p+M1s | U31: =+IF(D57>0,D57+D90,D90) -> 0
T33: BOCAS | U33: =+T44+W44+D119+D135 -> 0
T34: HP | U34: =+T49+W49+D118+D134 -> 0
T42: Bocas PRO y PRY DIR. | W42: Bocas MED e INF.
A44: MONTO MINIMO DEL CONTRATO POR LAS TAREAS A REALIZAR CALCULADAS | G44: =('ver calculos'!$H$98)+E165 -> 0 | T44: =+IF(D73>0,D73,D56) -> 0 | W44: =+IF(D89=D104,D89,D89+D104) -> 0
A46: MONTO FINAL DEL CONTRATO (DISPUESTO POR EL PROFESIONAL) | G46: 379500 | T46: HP PRO y PRY DIR. | W46: HP MED e INF.
A47: ='Num a Letra'!F3 -> TRESCIENTOS SETENTA Y NUEVE MIL QUINIENTOS CON 00/100
B49: ¡¡COMPLETAR Y EDITAR SOLO LAS CASILLAS DE COLOR !! | T49: =+IF(D72>0,D72,D55) -> 0 | W49: =+IF(D88=D103,D88,D88+D103) -> 0
A52: PARA REALIZAR LOS CALCULOS: INGRESE LOS DATOS EN LAS TAREAS CORRESPONDIENTES | F52: LUEGO DE REALIZAR LOS CALCULOS, ESCRIBA EL MONTO FINAL DEL CONTRATO AQUI EN NÚMEROS
M53: CEP
A54: Valor por PROYECTO / DIREC. Y DIREC. Por Cont. Sep. | F54: DIRECCION POR CONTRATOS | I54: NO | M54: 0 | N54: 585237 | O54: 34778 | Y54: Proyecto y dirección
A55: HP | D55: 0 | F55: SEPARADOS / DIRECCION EJECUTIVA | M55: 585237.01 | N55: 2672762 | O55: 64524 | T55: Motores
A56: BOCAS | D56: 0 | M56: 2672762 | S56: CV | T56: 1 a 5 | U56: 6 a 11 | V56: 12 a 20 | W56: 21 a 50 | X56: +50 | AA56: Transformadores
A57: CANT. DE MAQUINAS | D57: 0 | F57: C.E.P PROYECTO, DIRECCION, REP. TECNICA, | S57: Hasta 5 | T57: =IF(AND($D$55<=5,$D$57<=5),1.3,U57) -> 1.3 | U57: =IF(AND($D$55<=5,$D$57<=11),1.48,V57) -> 1.48 | V57: =IF(AND($D$55<=5,$D$57<=20),1.59,W57) -> 1.59 | W57: =IF(AND($D$55<=5,$D$57<=50),1.65,X57) -> 1.65 | X57: =IF(AND($D$55<=5,$D$57>50),1.69,T61) -> 1.28 | Z57: KVA | AA57: 1 a 5 | AB57: 6 a 11 | AC57: 12 a 20 | AD57: 21 a 50 | AE57: +50
A58: TRANSFORMADORES (KVA) | D58: 0 | Z58: Hasta 4,6 | AA58: =IF(AND($D$58<=4.6,$D$59<=5),1.3,AB58) -> 1.3 | AB58: =IF(AND($D$58<=4.6,$D$59<=11),1.48,AC58) -> 1.48 | AC58: =IF(AND($D$58<=4.6,$D$59<=20),1.59,AD58) -> 1.59 | AD58: =IF(AND($D$58<=4.6,$D$59<=50),1.65,AE58) -> 1.65 | AE58: =IF(AND($D$58<=4.6,$D$59>50),1.69,AA61) -> 1.28
A59: CANT. DE TRANSFORMADORES | D59: 0
A60: COMPUTO Y PRESUPUESTO | D60: 0 | J60: TIMBRADO
A61: BE,BG | D61: =M103 -> 121440 | F61: =ROUNDUP(IF(AND(G46<=N54),O54,IF(AND(G46>N53,G46<=N55),O55,IF(AND(G46>N55),G46*0.025,0))),0) -> 34778 | J61: =ROUNDUP(G46*0.0135,0) -> 5124 | S61: 5.1 a 10 | T61: =IF(AND($D$55<=10,$D$57<=5),1.28,U61) -> 1.28 | U61: =IF(AND($D$55<=10,$D$57<=11),1.46,V61) -> 1.46 | V61: =IF(AND($D$55<=10,$D$57<=20),1.56,W61) -> 1.56 | W61: =IF(AND($D$55<=10,$D$57<=50),1.62,X61) -> 1.62 | X61: =IF(AND($D$55<=10,$D$57>50),1.66,T62) -> 1.25 | Z61: 4,7 a 9,2 | AA61: =IF(AND($D$58<=9.2,$D$59<=5),1.28,AB61) -> 1.28 | AB61: =IF(AND($D$58<=9.2,$D$59<=11),1.46,AC61) -> 1.46 | AC61: =IF(AND($D$58<=9.2,$D$59<=20),1.56,AD61) -> 1.56 | AD61: =IF(AND($D$58<=9.2,$D$59<=50),1.62,AE61) -> 1.62 | AE61: =IF(AND($D$58<=9.2,$D$59>50),1.66,AA62) -> 1.25
A62: P | D62: =M104 -> 546480 | S62: 10.1 a 50 | T62: =IF(AND($D$55<=50,$D$57<=5),1.25,U62) -> 1.25 | U62: =IF(AND($D$55<=50,$D$57<=11),1.43,V62) -> 1.43 | V62: =IF(AND($D$55<=50,$D$57<=20),1.53,W62) -> 1.53 | W62: =IF(AND($D$55<=50,$D$57<=50),1.59,X62) -> 1.59 | X62: =IF(AND($D$55<=50,$D$57>50),1.63,T63) -> 1.21 | Z62: 9,3 a 46 | AA62: =IF(AND($D$58<=46,$D$59<=5),1.25,AB62) -> 1.25 | AB62: =IF(AND($D$58<=46,$D$59<=11),1.43,AC62) -> 1.43 | AC62: =IF(AND($D$58<=46,$D$59<=20),1.53,AD62) -> 1.53 | AD62: =IF(AND($D$58<=46,$D$59<=50),1.59,AE62) -> 1.59 | AE62: =IF(AND($D$58<=46,$D$59>50),1.63,AA63) -> 1.21
A63: F | D63: =$H$81 -> 1.3 | F63: C.E.P MEDICION E INFORME TECNICO (3,5%) | S63: 50.1 a 100 | T63: =IF(AND($D$55<=100,$D$57<=5),1.21,U63) -> 1.21 | U63: =IF(AND($D$55<=100,$D$57<=11),1.38,V63) -> 1.38 | V63: =IF(AND($D$55<=100,$D$57<=20),1.48,W63) -> 1.48 | W63: =IF(AND($D$55<=100,$D$57<=50),1.54,X63) -> 1.54 | X63: =IF(AND($D$55<=100,$D$57>50),1.58,T64) -> 1.16 | Z63: 46,1 a 92 | AA63: =IF(AND($D$58<=92,$D$59<=5),1.21,AB63) -> 1.21 | AB63: =IF(AND($D$58<=92,$D$59<=11),1.38,AC63) -> 1.38 | AC63: =IF(AND($D$58<=92,$D$59<=20),1.48,AD63) -> 1.48 | AD63: =IF(AND($D$58<=92,$D$59<=50),1.54,AE63) -> 1.54 | AE63: =IF(AND($D$58<=92,$D$59>50),1.58,AA64) -> 1.16
A64: K1 | D64: =IF(AND($D$55<=5,$D$57<=5),1.3,$U$57) -> 1.3 | F64: =ROUNDUP(IF(AND(G46<=N54),O54,IF(AND(G46>N54,G46<=N55),O55,IF(AND(G46>N55),G46*0.035,0))),0) -> 34778 | J64: CAAITBA | S64: 100.1 a 200 | T64: =IF(AND($D$55<=200,$D$57<=5),1.16,U64) -> 1.16 | U64: =IF(AND($D$55<=200,$D$57<=11),1.32,V64) -> 1.32 | V64: =IF(AND($D$55<=200,$D$57<=20),1.41,W64) -> 1.41 | W64: =IF(AND($D$55<=200,$D$57<=50),1.47,X64) -> 1.47 | X64: =IF(AND($D$55<=200,$D$57>50),1.51,T65) -> 1.09 | Z64: 92,1 a 184 | AA64: =IF(AND($D$58<=184,$D$59<=5),1.16,AB64) -> 1.16 | AB64: =IF(AND($D$58<=184,$D$59<=11),1.32,AC64) -> 1.32 | AC64: =IF(AND($D$58<=184,$D$59<=20),1.41,AD64) -> 1.41 | AD64: =IF(AND($D$58<=184,$D$59<=50),1.47,AE64) -> 1.47 | AE64: =IF(AND($D$58<=184,$D$59>50),1.51,AA65) -> 1.09
A65: K3 | D65: =IF(AND($D$58<=4.6,$D$59<=5),1.3,$AB$58) -> 1.3 | J65: =ROUNDUP(G46*0.1,0) -> 37950 | S65: 200.1 a 500 | T65: =IF(AND($D$55<=500,$D$57<=5),1.09,U65) -> 1.09 | U65: =IF(AND($D$55<=500,$D$57<=11),1.24,V65) -> 1.24 | V65: =IF(AND($D$55<=500,$D$57<=20),1.33,W65) -> 1.33 | W65: =IF(AND($D$55<=500,$D$57<=50),1.38,X65) -> 1.38 | X65: =IF(AND($D$55<=500,$D$57>50),1.41,T67) -> 0 | Z65: 184,1 a 460 | AA65: =IF(AND($D$58<=460,$D$59<=5),1.09,AB65) -> 1.09 | AB65: =IF(AND($D$58<=460,$D$59<=11),1.24,AC65) -> 1.24 | AC65: =IF(AND($D$58<=460,$D$59<=20),1.33,AD65) -> 1.33 | AD65: =IF(AND($D$58<=460,$D$59<=50),1.38,AE65) -> 1.38 | AE65: =IF(AND($D$58<=460,$D$59>50),1.41,AA67) -> 0
C67: Vi. Proy. Y Dir | E67: =(((PRODUCT(D55,D62,D63,D64)))+(PRODUCT(D58,D62,D63,D65,0.54))+D60+(PRODUCT(D56,D61))) -> 0 | S67: + de 500 | T67: =IF(AND($D$55>500,$D$57<=5),1,U67) -> 0 | U67: =IF(AND($D$55>500,$D$57<=11),1.14,V67) -> 0 | V67: =IF(AND($D$55>500,$D$57<=20),1.22,W67) -> 0 | W67: =IF(AND($D$55>500,$D$57<=50),1.27,X67) -> 0 | X67: =IF(AND($D$55>500,$D$57>50),1.3,S55) -> 0 | Z67: más de 460 | AA67: =IF(AND($D$58>460,$D$59<=5),1,AB67) -> 0 | AB67: =IF(AND($D$58>460,$D$59<=11),1.14,AC67) -> 0 | AC67: =IF(AND($D$58>460,$D$59<=20),1.22,AD67) -> 0 | AD67: =IF(AND($D$58>460,$D$59<=50),1.27,AE67) -> 0 | AE67: =IF(AND($D$58>460,$D$59>50),1.3,Z55) -> 0
G68: Vi Total
G69: =+E130+IF(E84>0,E84,E67)+E100+E115+E146+E157+H121 -> 0
A71: Valor por PROYECTO | Y71: Proyecto
A72: HP | D72: 0 | T72: Motores | AA72: Transformadores
A73: BOCAS | D73: 0 | Q73: =IF(NOT(J84=3),5,3) -> 5 | S73: CV | T73: 1 a 5 | U73: 6 a 11 | V73: 12 a 20 | W73: 21 a 50 | X73: +50 | Z73: KVA | AA73: 1 a 5 | AB73: 6 a 11 | AC73: 12 a 20 | AD73: 21 a 50 | AE73: +50
A74: CANT. DE MAQUINAS | D74: 0 | G74: Unidad Referencial Basica | J74: 1518000 | S74: Hasta 5 | T74: =IF(AND($D$72<=5,$D$74<=5),1.3,U74) -> 1.3 | U74: =IF(AND($D$72<=5,$D$74<=11),1.48,V74) -> 1.48 | V74: =IF(AND($D$72<=5,$D$74<=20),1.59,W74) -> 1.59 | W74: =IF(AND($D$72<=5,$D$74<=50),1.65,X74) -> 1.65 | X74: =IF(AND($D$72<=5,$D$74>50),1.69,T78) -> 1.28 | Z74: Hasta 4,6 | AA74: =IF(AND($D$75<=4.6,$D$76<=5),1.3,AB74) -> 1.3 | AB74: =IF(AND($D$75<=4.6,$D$76<=11),1.48,AC74) -> 1.48 | AC74: =IF(AND($D$75<=4.6,$D$76<=20),1.59,AD74) -> 1.59 | AD74: =IF(AND($D$75<=4.6,$D$76<=50),1.65,AE74) -> 1.65 | AE74: =IF(AND($D$75<=4.6,$D$76>50),1.69,AA78) -> 1.28
A75: TRANSFORMADORES (KVA) | D75: 0
A76: CANT. DE TRANSFORMADORES | D76: 0
A77: COMPUTO Y PRESUPUESTO | D77: 0
A78: BE,BG | D78: =M103 -> 121440 | G78: Factor de corrección | J78: =(J74/20000) -> 75.9 | S78: 5.1 a 10 | T78: =IF(AND($D$72<=10,$D$74<=5),1.28,U78) -> 1.28 | U78: =IF(AND($D$72<=10,$D$74<=11),1.46,V78) -> 1.46 | V78: =IF(AND($D$72<=10,$D$74<=20),1.56,W78) -> 1.56 | W78: =IF(AND($D$72<=10,$D$74<=50),1.62,X78) -> 1.62 | X78: =IF(AND($D$72=10,$D$74>50),1.66,T79) -> 1.25 | Z78: 4,7 a 9,2 | AA78: =IF(AND($D$75<=9.2,$D$76<=5),1.28,AB78) -> 1.28 | AB78: =IF(AND($D$75<=9.2,$D$76<=11),1.46,AC78) -> 1.46 | AC78: =IF(AND($D$75<=9.2,$D$76<=20),1.56,AD78) -> 1.56 | AD78: =IF(AND($D$75<=9.2,$D$76<=50),1.62,AE78) -> 1.62 | AE78: =IF(AND($D$75=9.2,$D$76>50),1.66,AA79) -> 1.25
A79: P | D79: =M104 -> 546480 | S79: 10.1 a 50 | T79: =IF(AND($D$72<=50,$D$74<=5),1.25,U79) -> 1.25 | U79: =IF(AND($D$72<=50,$D$74<=11),1.43,V79) -> 1.43 | V79: =IF(AND($D$72<=50,$D$74<=20),1.53,W79) -> 1.53 | W79: =IF(AND($D$72<=50,$D$74<=50),1.59,X79) -> 1.59 | X79: =IF(AND($D$72<=50,$D$74>50),1.63,T80) -> 1.21 | Z79: 9,3 a 46 | AA79: =IF(AND($D$75<=46,$D$76<=5),1.25,AB79) -> 1.25 | AB79: =IF(AND($D$75<=46,$D$76<=11),1.43,AC79) -> 1.43 | AC79: =IF(AND($D$75<=46,$D$76<=20),1.53,AD79) -> 1.53 | AD79: =IF(AND($D$75<=46,$D$76<=50),1.59,AE79) -> 1.59 | AE79: =IF(AND($D$75<=46,$D$76>50),1.63,AA80) -> 1.21
A80: F | D80: =$H$81 -> 1.3 | L80: Clasificación de categorías según título VIII - Capítulo V - Artículo 17° - Decreto Arancelario 6964/65 | S80: 50.1 a 100 | T80: =IF(AND($D$72<=100,$D$74<=5),1.21,U80) -> 1.21 | U80: =IF(AND($D$72<=100,$D$74<=11),1.38,V80) -> 1.38 | V80: =IF(AND($D$72<=100,$D$74<=20),1.48,W80) -> 1.48 | W80: =IF(AND($D$72<=100,$D$74<=50),1.54,X80) -> 1.54 | X80: =IF(AND($D$72<=100,$D$74>50),1.58,T81) -> 1.16 | Z80: 46,1 a 92 | AA80: =IF(AND($D$75<=92,$D$76<=5),1.21,AB80) -> 1.21 | AB80: =IF(AND($D$75<=92,$D$76<=11),1.38,AC80) -> 1.38 | AC80: =IF(AND($D$75<=92,$D$76<=20),1.48,AD80) -> 1.48 | AD80: =IF(AND($D$75<=92,$D$76<=50),1.54,AE80) -> 1.54 | AE80: =IF(AND($D$75<=92,$D$76>50),1.58,AA81) -> 1.16
A81: K1 | D81: =IF(AND($D$72<=5,$D$74<=5),1.3,$U$74) -> 1.3 | G81: F | H81: 1.3 | S81: 100.1 a 200 | T81: =IF(AND($D$72<=200,$D$74<=5),1.16,U81) -> 1.16 | U81: =IF(AND($D$72<=200,$D$74<=11),1.32,V81) -> 1.32 | V81: =IF(AND($D$72<=200,$D$74<=20),1.41,W81) -> 1.41 | W81: =IF(AND($D$72<=200,$D$74<=50),1.47,X81) -> 1.47 | X81: =IF(AND($D$72<=200,$D$74>50),1.51,T82) -> 1.09 | Z81: 92,1 a 184 | AA81: =IF(AND($D$75<=184,$D$76<=5),1.16,AB81) -> 1.16 | AB81: =IF(AND($D$75<=184,$D$76<=11),1.32,AC81) -> 1.32 | AC81: =IF(AND($D$75<=184,$D$76<=20),1.41,AD81) -> 1.41 | AD81: =IF(AND($D$75<=184,$D$76<=50),1.47,AE81) -> 1.47 | AE81: =IF(AND($D$75<=184,$D$76>50),1.51,AA82) -> 1.09
A82: K3 | D82: =IF(AND($D$75<=4.6,$D$76<=5),1.3,$AB$74) -> 1.3 | S82: 200.1 a 500 | T82: =IF(AND($D$72<=500,$D$74<=5),1.09,U82) -> 1.09 | U82: =IF(AND($D$72<=500,$D$74<=11),1.24,V82) -> 1.24 | V82: =IF(AND($D$72<=500,$D$74<=20),1.33,W82) -> 1.33 | W82: =IF(AND($D$72<=500,$D$74<=50),1.38,X82) -> 1.38 | X82: =IF(AND($D$72<=500,$D$74>50),1.41,T84) -> 0 | Z82: 184,1 a 460 | AA82: =IF(AND($D$75<=460,$D$76<=5),1.09,AB82) -> 1.09 | AB82: =IF(AND($D$75<=460,$D$76<=11),1.24,AC82) -> 1.24 | AC82: =IF(AND($D$75<=460,$D$76<=20),1.33,AD82) -> 1.33 | AD82: =IF(AND($D$75<=460,$D$76<=50),1.38,AE82) -> 1.38 | AE82: =IF(AND($D$75<=460,$D$76>50),1.41,AA84) -> 0
C84: Vi. Proy. | E84: =(((PRODUCT(D72,D79,D80,D81)))+(PRODUCT(D75,D79,D80,D82,0.54))+D77+(PRODUCT(D73,D78))) -> 0 | G84: SELECCIONAR CATEGORÍA | J84: 5 | L84: 3°) Instalaciones domiciliarias de electricidad. teléfonos, gas, calefacción, ventilación, refrigeración, lavaderos, cocinas, cámaras frías, ascensores, aire comprimido, vacío y obras semejantes. 5°) Redes urbanas de distribución de energía eléctrica, gas, vapor y telecomunicaciones, instalaciones eléctricas y mecánicas en industrias, laboratorios, locales de alta tensión y talleres, centrales eléctricas individuales para industria. 7°) Líneas de baja y alta tensión para transporte de energía eléctrica interurbana o a larga distancia, subestaciones de transformación aérea; conductos para transportes a larga distancia de combustibles líquidos o gas. | Q84: 3 | S84: + de 500 | T84: =IF(AND($D$72>500,$D$74<=5),1,U84) -> 0 | U84: =IF(AND($D$72>500,$D$74<=11),1.14,V84) -> 0 | V84: =IF(AND($D$72>500,$D$74<=20),1.22,W84) -> 0 | W84: =IF(AND($D$72>500,$D$74<=50),1.27,X84) -> 0 | X84: =IF(AND($D$72>500,$D$74>50),1.3,S72) -> 0 | Z84: más de 460 | AA84: =IF(AND($D$75>460,$D$76<=5),1,AB84) -> 0 | AB84: =IF(AND($D$75>460,$D$76<=11),1.14,AC84) -> 0 | AC84: =IF(AND($D$75>460,$D$76<=20),1.22,AD84) -> 0 | AD84: =IF(AND($D$75>460,$D$76<=50),1.27,AE84) -> 0 | AE84: =IF(AND($D$75>460,$D$76>50),1.3,Z72) -> 0
Q85: 5
Q86: 7
A87: Valor por MEDICION | Y87: Medición
A88: HP | D88: 0 | F88: CÁLCULO DE ART. 29 ELECTROMECANICO | T88: Motores | AA88: Transformadores
A89: BOCAS | D89: 0 | S89: CV | T89: 1 a 5 | U89: 6 a 11 | V89: 12 a 20 | W89: 21 a 50 | X89: +50 | Z89: KVA | AA89: 1 a 5 | AB89: 6 a 11 | AC89: 12 a 20 | AD89: 21 a 50 | AE89: +50
A90: CANT. DE MAQUINAS | D90: 0 | F90: ='IMPRIMIR anexas'!$O$55 -> 0 | S90: Hasta 5 | T90: =IF(AND($D$88<=5,$D$88<=5),1.3,U90) -> 1.3 | U90: =IF(AND($D$88<=5,$D$90<=11),1.48,V90) -> 1.48 | V90: =IF(AND($D$88<=5,$D$90<=20),1.59,W90) -> 1.59 | W90: =IF(AND($D$88<=5,$D$90<=50),1.65,X90) -> 1.65 | X90: =IF(AND($D$88<=5,$D$90>50),1.69,T94) -> 1.28 | Z90: Hasta 4,6 | AA90: =IF(AND($D$91<=4.6,$D$92<=5),1.3,AB90) -> 1.3 | AB90: =IF(AND($D$91<=4.6,$D$92<=11),1.48,AC90) -> 1.48 | AC90: =IF(AND($D$91<=4.6,$D$92<=20),1.59,AD90) -> 1.59 | AD90: =IF(AND($D$91<=4.6,$D$92<=50),1.65,AE90) -> 1.65 | AE90: =IF(AND($D$91<=4.6,$D$92>50),1.69,AA94) -> 1.28
A91: TRANSFORMADORES (KVA) | D91: 0
A92: CANT. DE TRANSFORMADORES | D92: 0
A93: COMPUTO Y PRESUPUESTO | D93: 0
A94: BE,BG | D94: =M103 -> 121440 | F94: HP | I94: 0 | S94: 5.1 a 10 | T94: =IF(AND($D$88<=10,$D$90<=5),1.28,U94) -> 1.28 | U94: =IF(AND($D$88<=10,$D$90<=11),1.46,V94) -> 1.46 | V94: =IF(AND($D$88<=10,$D$90<=20),1.56,W94) -> 1.56 | W94: =IF(AND($D$88<=10,$D$90<=50),1.62,X94) -> 1.62 | X94: =IF(AND($D$88<=10,$D$90>50),1.66,T95) -> 1.25 | Z94: 4,7 a 9,2 | AA94: =IF(AND($D$91<=9.2,$D$92<=5),1.28,AB94) -> 1.28 | AB94: =IF(AND($D$91<=9.2,$D$92<=11),1.46,AC94) -> 1.46 | AC94: =IF(AND($D$91<=9.2,$D$92<=20),1.56,AD94) -> 1.56 | AD94: =IF(AND($D$91<=9.2,$D$92<=50),1.62,AE94) -> 1.62 | AE94: =IF(AND($D$91<=9.2,$D$92>50),1.66,AA95) -> 1.25
A95: P | D95: =M104 -> 546480 | F95: BOCAS | I95: 0 | S95: 10.1 a 50 | T95: =IF(AND($D$88<=50,$D$90<=5),1.25,U95) -> 1.25 | U95: =IF(AND($D$88<=50,$D$90<=11),1.43,V95) -> 1.43 | V95: =IF(AND($D$88<=50,$D$90<=20),1.53,W95) -> 1.53 | W95: =IF(AND($D$88<=50,$D$90<=50),1.59,X95) -> 1.59 | X95: =IF(AND($D$88<=50,$D$90>50),1.63,T96) -> 1.21 | Z95: 9,3 a 46 | AA95: =IF(AND($D$91<=46,$D$92<=5),1.25,AB95) -> 1.25 | AB95: =IF(AND($D$91<=46,$D$92<=11),1.43,AC95) -> 1.43 | AC95: =IF(AND($D$91<=46,$D$92<=20),1.53,AD95) -> 1.53 | AD95: =IF(AND($D$91<=46,$D$92<=50),1.59,AE95) -> 1.59 | AE95: =IF(AND($D$91<=46,$D$92>50),1.63,AA96) -> 1.21
A96: F | D96: =$H$81 -> 1.3 | F96: CANT. DE MAQUINAS | I96: 0 | S96: 50.1 a 100 | T96: =IF(AND($D$88<=100,$D$90<=5),1.21,U96) -> 1.21 | U96: =IF(AND($D$88<=100,$D$90<=11),1.38,V96) -> 1.38 | V96: =IF(AND($D$88<=100,$D$90<=20),1.48,W96) -> 1.48 | W96: =IF(AND($D$88<=100,$D$90<=50),1.54,X96) -> 1.54 | X96: =IF(AND($D$88<=100,$D$90>50),1.58,T97) -> 1.16 | Z96: 46,1 a 92 | AA96: =IF(AND($D$91<=92,$D$92<=5),1.21,AB96) -> 1.21 | AB96: =IF(AND($D$91<=92,$D$92<=11),1.38,AC96) -> 1.38 | AC96: =IF(AND($D$91<=92,$D$92<=20),1.48,AD96) -> 1.48 | AD96: =IF(AND($D$91<=92,$D$92<=50),1.54,AE96) -> 1.54 | AE96: =IF(AND($D$91<=92,$D$92>50),1.58,AA97) -> 1.16
A97: K1 | D97: =IF(AND($D$88<=5,$D$90<=5),1.3,$U$90) -> 1.3 | F97: COMPUTO Y PRESUPUESTO | I97: 0 | S97: 100.1 a 200 | T97: =IF(AND($D$88<=200,$D$90<=5),1.16,U97) -> 1.16 | U97: =IF(AND($D$88<=200,$D$90<=11),1.32,V97) -> 1.32 | V97: =IF(AND($D$88<=200,$D$90<=20),1.41,W97) -> 1.41 | W97: =IF(AND($D$88<=200,$D$90<=50),1.47,X97) -> 1.47 | X97: =IF(AND($D$88<=200,$D$90>50),1.51,T99) -> 1.09 | Z97: 92,1 a 184 | AA97: =IF(AND($D$91<=184,$D$92<=5),1.16,AB97) -> 1.16 | AB97: =IF(AND($D$91<=184,$D$92<=11),1.32,AC97) -> 1.32 | AC97: =IF(AND($D$91<=184,$D$92<=20),1.41,AD97) -> 1.41 | AD97: =IF(AND($D$91<=184,$D$92<=50),1.47,AE97) -> 1.47 | AE97: =IF(AND($D$91<=184,$D$92>50),1.51,AA99) -> 1.09
A98: K3 | D98: =IF(AND($D$91<=4.6,$D$92<=5),1.3,$AB$90) -> 1.3
H99: V.I. ART.29 | I99: =(((PRODUCT((I94),D95,D96,D97)))+I97+(PRODUCT(I95,D94))) -> 0 | S99: 200.1 a 500 | T99: =IF(AND($D$88<=500,$D$90<=5),1.09,U99) -> 1.09 | U99: =IF(AND($D$88<=500,$D$90<=11),1.24,V99) -> 1.24 | V99: =IF(AND($D$88<=500,$D$90<=20),1.33,W99) -> 1.33 | W99: =IF(AND($D$88<=500,$D$90<=50),1.38,X99) -> 1.38 | X99: =IF(AND($D$88<=500,$D$90>50),1.41,T100) -> 0 | Z99: 184,1 a 460 | AA99: =IF(AND($D$91<=460,$D$92<=5),1.09,AB99) -> 1.09 | AB99: =IF(AND($D$91<=460,$D$92<=11),1.24,AC99) -> 1.24 | AC99: =IF(AND($D$91<=460,$D$92<=20),1.33,AD99) -> 1.33 | AD99: =IF(AND($D$91<=460,$D$92<=50),1.38,AE99) -> 1.38 | AE99: =IF(AND($D$91<=460,$D$92>50),1.41,AA100) -> 0
C100: Vi. Medic. | E100: =(((PRODUCT((D88),D95,D96,D97)))+(PRODUCT(D91,D95,D96,D98,0.54))+D93+(PRODUCT(D89,D94))) -> 0 | S100: + de 500 | T100: =IF(AND($D$88>500,$D$90<=5),1,U100) -> 0 | U100: =IF(AND($D$88>500,$D$90<=11),1.14,V100) -> 0 | V100: =IF(AND($D$88>500,$D$90<=20),1.22,W100) -> 0 | W100: =IF(AND($D$88>500,$D$90<=50),1.27,X100) -> 0 | X100: =IF(AND($D$88>500,$D$90>50),1.3,S88) -> 0 | Z100: más de 460 | AA100: =IF(AND($D$91>460,$D$92<=5),1,AB100) -> 0 | AB100: =IF(AND($D$91>460,$D$92<=11),1.14,AC100) -> 0 | AC100: =IF(AND($D$91>460,$D$92<=20),1.22,AD100) -> 0 | AD100: =IF(AND($D$91>460,$D$92<=50),1.27,AE100) -> 0 | AE100: =IF(AND($D$91>460,$D$92>50),1.3,Z88) -> 0
L101: Min. Inc. A | M101: =(J78*1000) -> 75900
A102: Valor por INFORME TECNICO | L102: Inciso B | M102: =(J78*5500) -> 417450 | Z102: Informe técnico
A103: HP | D103: 0 | F103: INFORME TECNICO SOLO A+B | I103: SI | L103: BOCA | M103: =(J74*0.08) -> 121440 | T103: Motores | AA103: Transformadores
A104: BOCAS | D104: 0 | F104: (VALIDO INSPECCION VISUAL) | L104: HP | M104: =(J74*0.36) -> 546480 | S104: CV | T104: 1 a 5 | U104: 6 a 11 | V104: 12 a 20 | W104: 21 a 50 | X104: +50 | Z104: KVA | AA104: 1 a 5 | AB104: 6 a 11 | AC104: 12 a 20 | AD104: 21 a 50 | AE104: +50
A105: CANT. DE MAQUINAS | D105: 0 | S105: Hasta 5 | T105: =IF(AND($D$103<=5,$D$105<=5),1.3,U105) -> 1.3 | U105: =IF(AND($D$103<=5,$D$105<=11),1.48,V105) -> 1.48 | V105: =IF(AND($D$103<=5,$D$105<=20),1.59,W105) -> 1.59 | W105: =IF(AND($D$103<=5,$D$105<=50),1.65,X105) -> 1.65 | X105: =IF(AND($D$103<=5,$D$105>50),1.69,T109) -> 1.28 | Z105: Hasta 4,6 | AA105: =IF(AND($D$106<=4.6,$D$107<=5),1.3,AB105) -> 1.3 | AB105: =IF(AND($D$106<=4.6,$D$107<=11),1.48,AC105) -> 1.48 | AC105: =IF(AND($D$106<=4.6,$D$107<=20),1.59,AD105) -> 1.59 | AD105: =IF(AND($D$106<=4.6,$D$107<=50),1.65,AE105) -> 1.65 | AE105: =IF(AND($D$106<=4.6,$D$107>50),1.69,AA109) -> 1.28
A106: TRANSFORMADORES (KVA) | D106: 0
A107: CANT. DE TRANSFORMADORES | D107: 0
A108: COMPUTO Y PRESUPUESTO | D108: 0
A109: BE,BG | D109: =M103 -> 121440 | J109: Minimos de Tareas | S109: 5.1 a 10 | T109: =IF(AND($D$103<=10,$D$105<=5),1.28,U109) -> 1.28 | U109: =IF(AND($D$103<=10,$D$105<=11),1.46,V109) -> 1.46 | V109: =IF(AND($D$103<=10,$D$105<=20),1.56,W109) -> 1.56 | W109: =IF(AND($D$103<=10,$D$105<=50),1.62,X109) -> 1.62 | X109: =IF(AND($D$103<=10,$D$105>50),1.66,T110) -> 1.25 | Z109: 4,7 a 9,2 | AA109: =IF(AND($D$106<=9.2,$D$107<=5),1.28,AB109) -> 1.28 | AB109: =IF(AND($D$106<=9.2,$D$107<=11),1.46,AC109) -> 1.46 | AC109: =IF(AND($D$106<=9.2,$D$107<=20),1.56,AD109) -> 1.56 | AD109: =IF(AND($D$106<=9.2,$D$107<=50),1.62,AE109) -> 1.62 | AE109: =IF(AND($D$106<=9.2,$D$107>50),1.66,AA110) -> 1.25
A110: P | D110: =M104 -> 546480 | S110: 10.1 a 50 | T110: =IF(AND($D$103<=50,$D$105<=5),1.25,U110) -> 1.25 | U110: =IF(AND($D$103<=50,$D$105<=11),1.43,V110) -> 1.43 | V110: =IF(AND($D$103<=50,$D$105<=20),1.53,W110) -> 1.53 | W110: =IF(AND($D$103<=50,$D$105<=50),1.59,X110) -> 1.59 | X110: =IF(AND($D$103<=50,$D$105>50),1.63,T111) -> 1.21 | Z110: 9,3 a 46 | AA110: =IF(AND($D$106<=46,$D$107<=5),1.25,AB110) -> 1.25 | AB110: =IF(AND($D$106<=46,$D$107<=11),1.43,AC110) -> 1.43 | AC110: =IF(AND($D$106<=46,$D$107<=20),1.53,AD110) -> 1.53 | AD110: =IF(AND($D$106<=46,$D$107<=50),1.59,AE110) -> 1.59 | AE110: =IF(AND($D$106<=46,$D$107>50),1.63,AA111) -> 1.21
A111: F | D111: =$H$81 -> 1.3 | J111: Cualquier Tarea | L111: =(J74*0.25) -> 379500 | S111: 50.1 a 100 | T111: =IF(AND($D$103<=100,$D$105<=5),1.21,U111) -> 1.21 | U111: =IF(AND($D$103<=100,$D$105<=11),1.38,V111) -> 1.38 | V111: =IF(AND($D$103<=100,$D$105<=20),1.48,W111) -> 1.48 | W111: =IF(AND($D$103<=100,$D$105<=50),1.54,X111) -> 1.54 | X111: =IF(AND($D$103<=100,$D$105>50),1.58,T112) -> 1.16 | Z111: 46,1 a 92 | AA111: =IF(AND($D$106<=92,$D$107<=5),1.21,AB111) -> 1.21 | AB111: =IF(AND($D$106<=92,$D$107<=11),1.38,AC111) -> 1.38 | AC111: =IF(AND($D$106<=92,$D$107<=20),1.48,AD111) -> 1.48 | AD111: =IF(AND($D$106<=92,$D$107<=50),1.54,AE111) -> 1.54 | AE111: =IF(AND($D$106<=92,$D$107>50),1.58,AA112) -> 1.16
A112: K1 | D112: =IF(AND($D$103<=5,$D$105<=5),1.3,$U$105) -> 1.3 | J112: Informe Técnico | L112: =(M101+M102) -> 493350 | S112: 100.1 a 200 | T112: =IF(AND($D$103<=200,$D$105<=5),1.16,U112) -> 1.16 | U112: =IF(AND($D$103<=200,$D$105<=11),1.32,V112) -> 1.32 | V112: =IF(AND($D$103<=200,$D$105<=20),1.41,W112) -> 1.41 | W112: =IF(AND($D$103<=200,$D$105<=50),1.47,X112) -> 1.47 | X112: =IF(AND($D$103<=200,$D$105>50),1.51,T113) -> 1.09 | Z112: 92,1 a 184 | AA112: =IF(AND($D$106<=184,$D$107<=5),1.16,AB112) -> 1.16 | AB112: =IF(AND($D$106<=184,$D$107<=11),1.32,AC112) -> 1.32 | AC112: =IF(AND($D$106<=184,$D$107<=20),1.41,AD112) -> 1.41 | AD112: =IF(AND($D$106<=184,$D$107<=50),1.47,AE112) -> 1.47 | AE112: =IF(AND($D$106<=184,$D$107>50),1.51,AA113) -> 1.09
A113: K3 | D113: =IF(AND($D$106<=4.6,$D$107<=5),1.3,$AB$105) -> 1.3 | J113: Medición e Inf. Tec. | L113: =(M101+M102) -> 493350 | S113: 200.1 a 500 | T113: =IF(AND($D$103<=500,$D$105<=5),1.09,U113) -> 1.09 | U113: =IF(AND($D$103<=500,$D$105<=11),1.24,V113) -> 1.24 | V113: =IF(AND($D$103<=500,$D$105<=20),1.33,W113) -> 1.33 | W113: =IF(AND($D$103<=500,$D$105<=50),1.38,X113) -> 1.38 | X113: =IF(AND($D$103<=500,$D$105>50),1.41,T115) -> 0 | Z113: 184,1 a 460 | AA113: =IF(AND($D$106<=460,$D$107<=5),1.09,AB113) -> 1.09 | AB113: =IF(AND($D$106<=460,$D$107<=11),1.24,AC113) -> 1.24 | AC113: =IF(AND($D$106<=460,$D$107<=20),1.33,AD113) -> 1.33 | AD113: =IF(AND($D$106<=460,$D$107<=50),1.38,AE113) -> 1.38 | AE113: =IF(AND($D$106<=460,$D$107>50),1.41,AA115) -> 0
J114: Proyecto e inspección | L114: =(J74*0.25) -> 379500
C115: Vi. Informe | E115: =((D103*D110*D111*D112)+(PRODUCT(D106,D110,D111,D113,0.54))+D108+(PRODUCT(D104,D109))) -> 0 | J115: Protocolo 900/15 cat 3 | L115: =(J74*0.4) -> 607200 | S115: + de 500 | T115: =IF(AND($D$103>500,$D$105<=5),1,U115) -> 0 | U115: =IF(AND($D$103>500,$D$105<=11),1.14,V115) -> 0 | V115: =IF(AND($D$103>500,$D$105<=20),1.22,W115) -> 0 | W115: =IF(AND($D$103>500,$D$103<=50),1.27,X115) -> 0 | X115: =IF(AND($D$103>500,$D$105>50),1.3,S103) -> 0 | Z115: más de 460 | AA115: =IF(AND($D$106>460,$D$107<=5),1,AB115) -> 0 | AB115: =IF(AND($D$106>460,$D$107<=11),1.14,AC115) -> 0 | AC115: =IF(AND($D$106>460,$D$107<=20),1.22,AD115) -> 0 | AD115: =IF(AND($D$106>460,$D$107<=50),1.27,AE115) -> 0 | AE115: =IF(AND($D$106>460,$D$107>50),1.3,Z103) -> 0
J116: Protocolo 900/15 cat 5 | L116: =J74 -> 1518000
A117: Valor por INSPECCION Y ENSAYO ELECTROMECANICO | J117: Estudio de licitación | L117: =(J78*9120) -> 692208 | Z117: Inspección y ensayo
A118: HP | D118: 0 | T118: Motores | AA118: Transformadores
A119: BOCAS | D119: 0 | F119: ENERGÍAS RENOVABLES | S119: CV | T119: 1 a 5 | U119: 6 a 11 | V119: 12 a 20 | W119: 21 a 50 | X119: +50 | Z119: KVA | AA119: 1 a 5 | AB119: 6 a 11 | AC119: 12 a 20 | AD119: 21 a 50 | AE119: +50
A120: CANT. DE MAQUINAS | D120: 0 | S120: Hasta 5 | T120: =IF(AND($D$118<=5,$D$120<=5),1.3,U120) -> 1.3 | U120: =IF(AND($D$118<=5,$D$120<=11),1.48,V120) -> 1.48 | V120: =IF(AND($D$118<=5,$D$120<=20),1.59,W120) -> 1.59 | W120: =IF(AND($D$118<=5,$D$120<=50),1.65,X120) -> 1.65 | X120: =IF(AND($D$118<=5,$D$120>50),1.69,T123) -> 1.28 | Z120: Hasta 4,6 | AA120: =IF(AND($D$121<=4.6,$D$122<=5),1.3,AB120) -> 1.3 | AB120: =IF(AND($D$121<=4.6,$D$122<=11),1.48,AC120) -> 1.48 | AC120: =IF(AND($D$121<=4.6,$D$122<=20),1.59,AD120) -> 1.59 | AD120: =IF(AND($D$121<=4.6,$D$122<=50),1.65,AE120) -> 1.65 | AE120: =IF(AND($D$121<=4.6,$D$122>50),1.69,AA123) -> 1.28
A121: TRANSFORMADORES (KVA) | D121: 0 | F121: POTENCIA A INYECTAR | H121: 0
A122: CANT. DE TRANSFORMADORES | D122: 0
A123: COMPUTO Y PRESUPUESTO | D123: 0 | F123: Vi. Insp. Y Ens. | H123: =(H121*D125/0.75) -> 0 | S123: 5.1 a 10 | T123: =IF(AND($D$118<=10,$D$120<=5),1.28,U123) -> 1.28 | U123: =IF(AND($D$118<=10,$D$120<=11),1.46,V123) -> 1.46 | V123: =IF(AND($D$118<=10,$D$120<=20),1.56,W123) -> 1.56 | W123: =IF(AND($D$118<=10,$D$120<=50),1.62,X123) -> 1.62 | X123: =IF(AND($D$118=10,$D$120>50),1.66,T124) -> 1.25 | Z123: 4,7 a 9,2 | AA123: =IF(AND($D$121<=9.2,$D$122<=5),1.28,AB123) -> 1.28 | AB123: =IF(AND($D$121<=9.2,$D$122<=11),1.46,AC123) -> 1.46 | AC123: =IF(AND($D$121<=9.2,$D$122<=20),1.56,AD123) -> 1.56 | AD123: =IF(AND($D$121<=9.2,$D$122<=50),1.62,AE123) -> 1.62 | AE123: =IF(AND($D$121=9.2,$D$122>50),1.66,AA124) -> 1.25
A124: BE,BG | D124: =M103 -> 121440 | S124: 10.1 a 50 | T124: =IF(AND($D$118<=50,$D$120<=5),1.25,U124) -> 1.25 | U124: =IF(AND($D$118<=50,$D$120<=11),1.43,V124) -> 1.43 | V124: =IF(AND($D$118<=50,$D$120<=20),1.53,W124) -> 1.53 | W124: =IF(AND($D$118<=50,$D$120<=50),1.59,X124) -> 1.59 | X124: =IF(AND($D$118<=50,$D$120>50),1.63,T125) -> 1.21 | Z124: 9,3 a 46 | AA124: =IF(AND($D$121<=46,$D$122<=5),1.25,AB124) -> 1.25 | AB124: =IF(AND($D$121<=46,$D$122<=11),1.43,AC124) -> 1.43 | AC124: =IF(AND($D$121<=46,$D$122<=20),1.53,AD124) -> 1.53 | AD124: =IF(AND($D$121<=46,$D$122<=50),1.59,AE124) -> 1.59 | AE124: =IF(AND($D$121<=46,$D$122>50),1.63,AA125) -> 1.21
...

Sheet IMPRIMIR contratos
B6: En la ciudad de | H6: ='CARGAR datos'!E5 -> BAHIA BLANCA | N6: el dia | P6: ='CARGAR datos'!I5 -> 1 | T6: de | U6: ='CARGAR datos'!L5 -> 7 | Y6: del año | AA6: ='CARGAR datos'!N5 -> 2026 | AC6: entre | AE6: ='CARGAR datos'!E8 -> -
A7: CUIT/CUIL Nº | H7: ='CARGAR datos'!E10 -> - | N7: con domicilio real en | X7: ='CARGAR datos'!E15 -> -
A8: N° | H8: ='CARGAR datos'!I15 -> - | O8: Piso | S8: ='CARGAR datos'!K15 -> - | U8: Dpto. | X8: ='CARGAR datos'!M15 -> - | Z8: de la localidad de | AG8: ='CARGAR datos'!O15 -> BAHIA BLANCA | AM8: y legal en
B9: ='CARGAR datos'!E16 -> - | T9: N° | V9: ='CARGAR datos'!I16 -> - | Z9: Piso | AB9: ='CARGAR datos'!K16 -> - | AD9: Dpto. | AF9: ='CARGAR datos'!M16 -> - | AH9: de la localidad de | AL9: ='CARGAR datos'!O16 -> BAHIA BLANCA | AQ9: .
A10: Representado en este acto por | M10: ='CARGAR datos'!E11 -> - | Y10: con DNI Nº | AD10: ='CARGAR datos'!E12 -> - | AI10: en adelante el COMITENTE, y
A11: ='CARGAR datos'!E19 -> - | S11: identificado con CUIT/CUIL Nº | AE11: ='CARGAR datos'!E21 -> - | AL11: y con titulo profesional de
A12: ='CARGAR datos'!E24 -> - | AB12: , matricula C.T.P.B.A. | AJ12: ='CARGAR datos'!E25 -> -
A13: con domicilio real en | N13: ='CARGAR datos'!E22 -> - | AC13: N° | AE13: ='CARGAR datos'!I22 -> - | AH13: Piso | AJ13: ='CARGAR datos'!K22 -> - | AL13: Dpto. | AN13: ='CARGAR datos'!M22 -> - | AP13: de la
A14: de la localidad de | G14: ='CARGAR datos'!O22 -> BAHIA BLANCA | N14: y legal en | R14: ='CARGAR datos'!E23 -> - | AE14: N° | AG14: ='CARGAR datos'!I23 -> - | AJ14: Piso | AL14: ='CARGAR datos'!K23 -> - | AN14: Dpto. | AP14: ='CARGAR datos'!M23 -> -
A15: localidad de | H15: ='CARGAR datos'!O23 -> BAHIA BLANCA | P15: , en adelante el PROFESIONAL, se conviene en celebrar el siguiente contrato:
C17: ARTICULO 1º: El COMITENTE encomienda al PROFESIONAL lo siguiente: | AB17: ='CARGAR datos'!E28 -> PROYECTO | AP17: para
A18: ='CARGAR datos'!E29 -> Completar aquí el objetivo de la tarea | Z18: del bien ubicado en el Partido de | AJ18: ='CARGAR datos'!J31 -> BAHIA BLANCA | AP18: calle
A19: ='CARGAR datos'!E30 -> - | X19: N° | Z19: ='CARGAR datos'!I30 -> - | AE19: de la localidad de | AK19: ='CARGAR datos'!E31 -> BAHIA BLANCA
A20: Circ.: | D20: ='CARGAR datos'!F32 -> - | F20: Secc.: | I20: ='CARGAR datos'!H32 -> - | K20: Mz.: | M20: ='CARGAR datos'!J32 -> - | O20: Parc: | Q20: ='CARGAR datos'!L32 -> - | T20: Part: | W20: ='CARGAR datos'!O32 -> -
A22: ARTICULO 2º: Por las tareas detalladas en el artículo anterior, el COMITENTE abona al PROFESIONAL el honorario convenido en el artículo 3º, el que no podrá ser inferior al resultante de la aplicación del Arancel para la regulación de Honorarios a los Profesionales Técnicos de la Provincia de Buenos Aires, que ambas partes declaran conocer y se obligan a respetar, y cuyo monto definitivo se determinará en el momento de su percepción, parcial o total, según los valores mínimos.
A27: ARTICULO 3º: A los fines indicativos el honorario mínimo calculado el día de la fecha se practica la liquidación provisoria en planilla adjunta,
A28: a los efectos de la determinación del impuesto a los sellos que devenga el presente contrato, se consigna el monto del honorario actual de pesos:
A29: ='CARGAR datos p calculos'!G46 -> 379500 | K29: ='CARGAR datos p calculos'!A47 -> TRESCIENTOS SETENTA Y NUEVE MIL QUINIENTOS CON 00/100
E31: ARTICULO 4º: Se establece como plazo de vigencia del presente contrato | AA31: ='CARGAR datos'!F36 -> 6 | AB31: meses, vencido el cual se deberán ratificar o rectificarse las condiciones
A32: condiciones pactadas, no pudiendo ser el honorario inferior al mínimo vigente en ese momento.
D34: ARTICULO 5º: El COMITENTE abonará al PROFESIONAL sus honorarios conforme a la siguiente FORMA DE PAGO: | AM34: ='CARGAR datos'!F38 -> CONTADO | AQ34: ,
A35: teniendo el derecho el PROFESIONAL a percibir, previo a la fecha de presentación para el visado definitivo ante el Colegio de Técnicos de la
A36: Provincia de Buenos Aires, los honorarios correspondientes a las tareas ejecutadas.
A38: ARTICULO 6º: Cuando el PROFESIONAL no perciba sus honorarios en los plazos estipulados, se producirá la mora de pleno derecho y los mismos
A39: serán indexados en base al Factor de Corrección establecido por el Colegio de Técnicos de la Pcia. de Buenos Aires.
A41: ARTICULO 7º: Con cada percepción de honorarios, el PROFESIONAL deberá ejecutar los aportes previsionales que obliga la ley 12490 (art.º 26),
A42: los que darán fecha cierta para determinar los valores mínimos aplicables, que corresponderán a las liquidaciones practicadas en planilla adjunta.
A44: ARTICULO 8º: A los fines previstos en el artículo 7º, los depósitos de aportes previsionales, hechos antes del décimo día corrido de iniciada la
A45: vigencia de una actualización de aranceles conforme a lo establecido por el Decreto 544/78 o sus modificatorios, sin ser susceptibles de reajuste a
A46: honorarios percibidos en el período anterior.
A48: ARTICULO 9º: Serán de aplicación todas las disposiciones previstas en el arancel aprobado por Decreto 6964/65, o sus modificatorios, siendo
A49: a cargo del COMITENTE los gastos extraordinarios previstos en el Artículo 11º del Título I del mismo.
A51: ARTICULO 10º: Cláusulas y condiciones especiales: | T51: ='CARGAR datos'!E43 -> Otras.
A53: ARTICULO 11º: Este contrato se firma en 4 ejemplares de igual tenor y a un solo efecto, con el carácter de | AI53: ='CARGAR datos'!F39 -> AMPLIATORIO | AN53: .
A55: ARTICULO 12º: Para todos los efectos legales emergentes del presente contrato, las partes constituyen domicilio legal en los arriba indicados y
A56: se someten a la jurisdicción de los tribunales ordinarios de | T56: ='CARGAR datos'!F37 -> BAHIA BLANCA
F58: ='CARGAR datos'!L10 -> 0 | Z58: ='CARGAR datos'!I10 -> 0
G64: COMITENTE | AA64: PROFESIONAL
G65: ='CARGAR datos'!E8 -> - | AA65: ='CARGAR datos'!E19 -> -
H66: CUIT/CUIL Nº | N66: ='CARGAR datos'!E10 -> - | AA66: CUIT/CUIL Nº | AG66: ='CARGAR datos'!E21 -> -

Sheet IMPRIMIR anexas
A2: Planilla anexa para determinación de honorarios
A4: Colegio de Técnicos de la Pcia. De Bs. As. – Ley 10.411 | BG4: ='CARGAR datos p calculos'!$I$54 -> NO
A5: Planilla anexa correspondiente al contrato celebrado el | U5: ='CARGAR datos'!I5 -> 1 | Z5: del mes de | AD5: ='CARGAR datos'!L5 -> 7 | AI5: de | AJ5: ='CARGAR datos'!N5 -> 2026 | AL5: entre el comitente
A6: ='CARGAR datos'!E8 -> - | R6: y el profesional | X6: ='CARGAR datos'!E19 -> - | AM6: para la obra
A7: situada en calle | G7: ='CARGAR datos'!E30 -> - | W7: N° | X7: ='CARGAR datos'!I30 -> - | AA7: de la localidad de | AG7: ='CARGAR datos'!E31 -> BAHIA BLANCA | AP7: .
A9: DETERMINACION DEL HONORARIO
A10: Valor minimo de la instalacion (V.I) = | O10: Vi=(k1*CV+K2*S+0,54 K3*T)*P*F+NE*Be+Ng*Bg+Na*Ba+Nac*Bac+NvBv
A11: V.I (Resol. 161/95 Art. 2°) = | L11: ='CARGAR datos p calculos'!$G$69 -> 0
A13: a) Proyecto y Direccion Cat. S/tabla XVII
A14: V.I. | I14: ='CARGAR datos p calculos'!$E$67 -> 0 | Y14: a-1) Proy. 60 | AD14: % de V.I | AK14: ='ver calculos'!$H$13 -> 0
A15: Hasta | I15: ='ver calculos'!$F$7 -> 0 | P15: ='ver calculos'!$H$7 -> 0 | Y15: Total parcial (I) | AK15: ='ver calculos'!$H$13 -> 0
A16: =('ver calculos'!$E$8)*100 -> 0 | D16: % tabla | I16: ='ver calculos'!$F$8 -> 0 | P16: ='ver calculos'!$H$8 -> 0
A17: TOTAL | P17: ='ver calculos'!$H$18 -> 0 | Y17: a-2) Direc. 40 % de V.I. | AL17: ='ver calculos'!$H$15 -> 0
Y18: Supl. Dir. por Cont. Separados 100% de(a-2) | AL18: =IF((BG4="NO"),0,AL17) -> 0
A19: b) Medición: Titulo VIII (exc. Incs. C y D) | Y19: Total parcial (II) | AL19: =(AL17+AL18) -> 0
A20: Inciso a) Tabla XXI
A21: V.I. | I21: ='CARGAR datos p calculos'!$E$100 -> 0 | Y21: e) Proyecto 60% de V.I.
A22: Hasta | I22: ='ver calculos'!$F$33 -> 0 | P22: ='ver calculos'!$H$33 -> 0 | Y22: V.I. | AI22: ='CARGAR datos p calculos'!$E$84 -> 0
A23: =('ver calculos'!$E$34)*100 -> 0 | C23: % tabla | I23: ='ver calculos'!$F$34 -> 0 | P23: ='ver calculos'!H34 -> 0 | Y23: Hasta | AB23: ='ver calculos'!$F$24 -> 0 | AI23: ='ver calculos'!$H$24 -> 0
A24: TOTAL | P24: ='ver calculos'!H35 -> 0 | Y24: =('ver calculos'!$E$25)*100 -> 0 | AA24: % tabla | AC24: ='ver calculos'!$F$25 -> 0 | AJ24: ='ver calculos'!$H$25 -> 0
Y25: TOTAL | AI25: ='ver calculos'!$H$28 -> 0
A26: c) Informe Tecnico (s/tit.II - art. 5°)
A27: S Viaje/movilidad | P27: ='ver calculos'!$H$39 -> 0 | Y27: f) Representacion Tecnica
A28: S Tiempo empleado | P28: =IF(P27=0,0,'ver calculos'!$H$40) -> 0 | Y28: V.I. | AG28: ='ver calculos'!$F$67 -> 0
A29: V.I. | I29: ='CARGAR datos p calculos'!$E$115 -> 0 | Y29: Hasta | AG29: ='ver calculos'!$F$68 -> 0 | AM29: ='ver calculos'!$H$68 -> 0
A30: Hasta | I30: ='ver calculos'!$F$42 -> 0 | P30: ='ver calculos'!H42 -> 0 | Y30: =('ver calculos'!$E$69)*100 -> 0 | AA30: % tabla | AG30: ='ver calculos'!$F$69 -> 0 | AM30: ='ver calculos'!$H$69 -> 0
A31: =('ver calculos'!$E$43)*100 -> 0 | C31: % tabla | I31: ='ver calculos'!$F$43 -> 0 | P31: ='ver calculos'!H43 -> 0 | Y31: TOTAL | AM31: ='ver calculos'!$H$70 -> 0
A32: TOTAL | P32: ='ver calculos'!H46 -> 0
Y33: h) Representacion Tecnica de ascensores
A34: d) Inspeccion y ensayo () | Y34: ='CARGAR datos p calculos'!$I$139 -> 0 | AA34: inspecciones | AF34: y | AG34: ='CARGAR datos p calculos'!$I$140 -> 0 | AI34: máquinas | AM34: ='ver calculos'!$H$76 -> 0
A35: Hasta | I35: ='ver calculos'!F49 -> 0
A36: =('ver calculos'!$E$51)*100 -> 0 | D36: % tabla | I36: ='ver calculos'!F50 -> 0 | P36: ='ver calculos'!H50 -> 0 | Y36: g) Inspeccion y ensayo protocolo 900/15
A37: TOTAL | P37: ='ver calculos'!H52 -> 0 | Y37: Hasta | AB37: % | AC37: ='ver calculos'!F59 -> 0 | AJ37: ='ver calculos'!H59 -> 0
Y38: =('ver calculos'!$E$60)*100 -> 0 | AB38: % | AC38: ='ver calculos'!F60 -> 0 | AJ38: ='ver calculos'!H60 -> 0
A39: ASESORAMIENTO: | I39: ='CARGAR datos p calculos'!$E$165 -> 0 | Y39: TOTAL | AJ39: ='ver calculos'!H61 -> 0
A41: i) Inspeccion y ensayo medición de jabalinas s/Res.1209/21 | X41: j) Inspección y ensayo Energías Renovables
A42: ='CARGAR datos p calculos'!$D$161 -> 0 | C42: Jabalinas | H42: TOTAL | K42: ='ver calculos'!H83 -> 0 | X42: ='CARGAR datos p calculos'!$H$121 -> 0 | AA42: KVA generados | AG42: TOTAL | AJ42: ='ver calculos'!H90 -> 0
A44: Valores ingresados: | J44: Tarea: | Q44: a) | T44: b) | W44: c) | Z44: d) | AC44: e) | AF44: f) | AI44: g)
J45: Hp: | Q45: ='CARGAR datos p calculos'!D55 -> 0 | T45: ='CARGAR datos p calculos'!D88 -> 0 | W45: ='CARGAR datos p calculos'!D103 -> 0 | Z45: ='CARGAR datos p calculos'!D118 -> 0 | AC45: ='CARGAR datos p calculos'!D72 -> 0 | AF45: ='CARGAR datos p calculos'!D134 -> 0 | AI45: -
J46: BE, BG: | Q46: ='CARGAR datos p calculos'!D56 -> 0 | T46: ='CARGAR datos p calculos'!D89 -> 0 | W46: ='CARGAR datos p calculos'!D104 -> 0 | Z46: ='CARGAR datos p calculos'!D119 -> 0 | AC46: ='CARGAR datos p calculos'!D73 -> 0 | AF46: ='CARGAR datos p calculos'!D135 -> 0 | AI46: ='CARGAR datos p calculos'!D151 -> 0
J47: Cant. Maq. | Q47: ='CARGAR datos p calculos'!D57 -> 0 | T47: ='CARGAR datos p calculos'!D90 -> 0 | W47: ='CARGAR datos p calculos'!D105 -> 0 | Z47: ='CARGAR datos p calculos'!D120 -> 0 | AC47: ='CARGAR datos p calculos'!D74 -> 0 | AF47: ='CARGAR datos p calculos'!D136 -> 0 | AI47: ='CARGAR datos p calculos'!D152 -> 0
J48: Transformadores | Q48: ='CARGAR datos p calculos'!D58 -> 0 | T48: ='CARGAR datos p calculos'!D91 -> 0 | W48: ='CARGAR datos p calculos'!D106 -> 0 | Z48: ='CARGAR datos p calculos'!D121 -> 0 | AC48: ='CARGAR datos p calculos'!D75 -> 0 | AF48: ='CARGAR datos p calculos'!D137 -> 0 | AI48: -
J49: Cant. Transf. | Q49: ='CARGAR datos p calculos'!D59 -> 0 | T49: ='CARGAR datos p calculos'!D92 -> 0 | W49: ='CARGAR datos p calculos'!D107 -> 0 | Z49: ='CARGAR datos p calculos'!D122 -> 0 | AC49: ='CARGAR datos p calculos'!D76 -> 0 | AF49: ='CARGAR datos p calculos'!D138 -> 0 | AI49: -
J50: Comp. y presup. | Q50: ='CARGAR datos p calculos'!D60 -> 0 | T50: ='CARGAR datos p calculos'!D93 -> 0 | W50: ='CARGAR datos p calculos'!D108 -> 0 | Z50: ='CARGAR datos p calculos'!D123 -> 0 | AC50: ='CARGAR datos p calculos'!D77 -> 0 | AF50: ='CARGAR datos p calculos'!D139 -> 0 | AI50: ='CARGAR datos p calculos'!D153 -> 0
AI51: ='CARGAR datos p calculos'!D150 -> 0 | AL51: Jabalinas
A52: CÅLCULO PARA CONTRIBUCIÓN OBLIGATORIA (Art. 29 Ley 12,490)
A53: Total V.I. | O53: ='CARGAR datos p calculos'!$I$99 -> 0 | Z53: VISADO N°:
A54: Cálculo según tabla XVII | O54: ='ver calculos'!Y27 -> 0
A55: Contribucion Art. 29 (aporte 10%) | O55: =O54*0.1 -> 0
E56: ='CARGAR datos'!I10 -> 0
G60: ='CARGAR datos'!E19 -> -
A61: CUIT/CUIL N°: | G61: ='CARGAR datos'!E21 -> -
A62: MATRICULA: | G62: ='CARGAR datos'!E25 -> -

Sheet ver calculos
B1: CONTRATACION OBLIGATORIA DE TAREAS PROFESIONALES
O3: PROYECTO Y DIRECCION
A4: a) DETERMINACION DEL HONORARIO | O4: Parcial | P4: Acumulado | Q4: Acumulado
A5: C-1) Proyecto y Direccion Cat. S/tabla XVII | Q5: =IF('CARGAR datos p calculos'!$J$84=3,"6%",IF('CARGAR datos p calculos'!$J$84=5,"7%","8%")) -> 7%
A6: TOTAL (V.I.) | E6: VI=F6 | F6: ='CARGAR datos p calculos'!$E$67 -> 0 | M6: =IF('CARGAR datos p calculos'!$J$84=3,"0,06",IF('CARGAR datos p calculos'!$J$84=5,"0,07","0,08")) -> 0,07 | N6: 6 | O6: =(P15*50) -> 75900000 | P6: =O6 -> 75900000 | Q6: =O6*M6 -> 5313000
A7: Hasta | F7: =IF(F6<=0,0,IF(AND(F6>0,F6<O6),F6,IF(AND(F6>=O6,F6<P7),P6,IF(AND(F6>=P7,F6<P8),P7,IF(AND(F6>=P8,F6<P9),P8,IF(AND(F6>=P9,F6<P10),P9,IF(F6>=P10,P10))))))) -> 0 | G7: $ | H7: =IF(F6<=0,0,IF(AND(F6>0,F6<O6),(F6*M6),IF(AND(F6>=O6,F6<P7),Q6,IF(AND(F6>=P7,F6<P8),Q7,IF(AND(F6>=P8,F6<P9),Q8,IF(AND(F6>=P9,F6<P10),Q9,IF(F6>=P10,Q10))))))) -> 0 | M7: =IF('CARGAR datos p calculos'!$J$84=3,"0,055",IF('CARGAR datos p calculos'!$J$84=5,"0,065","0,075")) -> 0,065 | N7: 7 | O7: =(P15*200) -> 303600000 | P7: =P6+O7 -> 379500000 | Q7: =O6*M6+O7*M7 -> 25047000
A8: s/los sigtes. | D8: % | E8: =IF(F6<=0,0,IF(AND(F6>0,F6<P7),M7,IF(AND(F6>=P7,F6<P8),M8,IF(AND(F6>=P8,F6<P9),M9,IF(AND(F6>=P9,F6<P10),M10,IF(F6>=P10,M11)))))) -> 0 | F8: =IF(F6>=0,F6-F7) -> 0 | G8: $ | H8: =(F8*E8) -> 0 | M8: =IF('CARGAR datos p calculos'!$J$84=3,"0,05",IF('CARGAR datos p calculos'!$J$84=5,"0,06","0,07")) -> 0,06 | N8: 8 | O8: =(P15*250) -> 379500000 | P8: =P7+O8 -> 759000000 | Q8: =O6*M6+O7*M7+O8*M8 -> 47817000
F9: TOTAL | G9: $ | H9: =H7+H8 -> 0 | M9: =IF('CARGAR datos p calculos'!$J$84=3,"0,045",IF('CARGAR datos p calculos'!$J$84=5,"0,055","0,065")) -> 0,055 | N9: 9 | O9: =(P15*1000) -> 1518000000 | P9: =P8+O9 -> 2277000000 | Q9: =O6*M6+O7*M7+O8*M8+O9*M9 -> 131307000
H10: =IF(F6<=0,0,IF(AND(H7>0,H7<=K24),K24,IF(H9>K24,H9))) -> 0 | M10: =IF('CARGAR datos p calculos'!$J$84=3,"0,04",IF('CARGAR datos p calculos'!$J$84=5,"0,05","0,06")) -> 0,05 | N10: 10 | O10: =(P15*3500) -> 5313000000 | P10: =P9+O10 -> 7590000000 | Q10: =O6*M6+O7*M7+O8*M8+O9*M9+O10*M10 -> 396957000
A11: a1) Descomposicion de Honorario | M11: =IF('CARGAR datos p calculos'!$J$84=3,"0,035",IF('CARGAR datos p calculos'!$J$84=5,"0,045","0,055")) -> 0,045 | N11: 11 | O11: EXCEDENTE
A13: d-1 ) Proyecto | C13: 0.6 | D13: de | E13: =(H9) -> 0 | G13: $ | H13: =E13*0.6 -> 0
G14: $
A15: d-2 ) Direccion | C15: 0.4 | D15: de | E15: =(H9) -> 0 | G15: $ | H15: =E15*0.4 -> 0 | K15: UNIDAD REFERENCIAL | P15: ='CARGAR datos p calculos'!$J$74 -> 1518000
A17: Sup.Direc. Por Cont. Separados 100% de d-2 | G17: $ | H17: =IF(B18=0,0,IF(B18>0,B18)) -> 0
B18: ='IMPRIMIR anexas'!AL18 -> 0 | F18: TOTAL | G18: $ | H18: =(H13+H15+H17) -> 0
O19: CALCULO DE ART. 29
H20: =IF(F6<=0,0,IF(AND(H18>0,H18<=K24),K24,IF(H18>K24,(H13+H15+H17)))) -> 0 | O20: Parcial | P20: Acumulado | Q20: Acumulado
A21: e) Honorario Por Proyecto | Q21: 0.07
M22: =IF('CARGAR datos p calculos'!$J$84=3,"0,06",IF('CARGAR datos p calculos'!$J$84=5,"0,07","0,08")) -> 0,07 | N22: 22 | O22: =(P15*50) -> 75900000 | P22: =O22 -> 75900000 | Q22: =O22*M22 -> 5313000 | R22: C-1) Proyecto y Direccion Cat. S/tabla XVII
A23: TOTAL (V.I.) | E23: VI=F23 | F23: ='CARGAR datos p calculos'!$E$84 -> 0 | K23: HON. MINIMO | M23: =IF('CARGAR datos p calculos'!$J$84=3,"0,055",IF('CARGAR datos p calculos'!$J$84=5,"0,065","0,075")) -> 0,065 | N23: 23 | O23: =(P15*200) -> 303600000 | P23: =P22+O23 -> 379500000 | Q23: =O22*M22+O23*M23 -> 25047000 | R23: TOTAL (V.I.) | V23: VI=W23 | W23: ='IMPRIMIR anexas'!O53 -> 0
A24: Hasta | F24: =IF(F23<=0,0,IF(AND(F23>0,F23<O6),F23,IF(AND(F23>=O6,F23<P7),P6,IF(AND(F23>=P7,F23<P8),P7,IF(AND(F23>=P8,F23<P9),P8,IF(AND(F23>=P9,F23<P10),P9,IF(F23>=P10,P10))))))) -> 0 | G24: $ | H24: =IF(F23<=0,0,IF(AND(F23>0,F23<O6),(F23*M6),IF(AND(F23>=O6,F23<P7),Q6,IF(AND(F23>=P7,F23<P8),Q7,IF(AND(F23>=P8,F23<P9),Q8,IF(AND(F23>=P9,F23<P10),Q9,IF(F23>=P10,Q10))))))) -> 0 | K24: ='CARGAR datos p calculos'!$L$111 -> 379500 | M24: =IF('CARGAR datos p calculos'!$J$84=3,"0,05",IF('CARGAR datos p calculos'!$J$84=5,"0,06","0,07")) -> 0,06 | N24: 24 | O24: =(P15*250) -> 379500000 | P24: =P23+O24 -> 759000000 | Q24: =O22*M22+O23*M23+O24*M24 -> 47817000 | R24: Hasta | W24: =IF(W23<=0,0,IF(AND(W23>0,W23<O22),W23,IF(AND(W23>=O22,W23<P23),P22,IF(AND(W23>=P23,W23<P24),P23,IF(AND(W23>=P24,W23<P25),P24,IF(AND(W23>=P25,W23<P26),P25,IF(W23>=P25,P26))))))) -> 0 | X24: $ | Y24: =IF(W23<=0,0,IF(AND(W23>0,W23<O22),(W23*M22),IF(AND(W23>=O22,W23<P23),Q22,IF(AND(W23>=P23,W23<P24),Q23,IF(AND(W23>=P24,W23<P25),Q24,IF(AND(W23>=P25,W23<P26),Q25,IF(W23>=P26,Q26))))))) -> 0
A25: s/los sigtes. | D25: % | E25: =IF(F23<=0,0,IF(AND(F23>0,F23<P7),M7,IF(AND(F23>=P7,F23<P8),M8,IF(AND(F23>=P8,F23<P9),M9,IF(AND(F23>=P9,F23<P10),M10,IF(F23>=P10,M11)))))) -> 0 | F25: =IF(F23>=0,F23-F24) -> 0 | G25: $ | H25: =(F25*E25) -> 0 | K25: INCISO A | M25: =IF('CARGAR datos p calculos'!$J$84=3,"0,045",IF('CARGAR datos p calculos'!$J$84=5,"0,055","0,065")) -> 0,055 | N25: 25 | O25: =(P15*1000) -> 1518000000 | P25: =P24+O25 -> 2277000000 | Q25: =O22*M22+O23*M23+O24*M24+O25*M25 -> 131307000 | R25: s/los sigtes. | U25: % | V25: =IF(W23<=0,0,IF(AND(W23>0,W23<P23),M23,IF(AND(W23>=P23,W23<P24),M24,IF(AND(W23>=P24,W23<P25),M25,IF(AND(W23>=P25,W23<P26),M26,IF(W23>=P26,M27)))))) -> 0 | W25: =IF(W23>=0,W23-W24) -> 0 | X25: $ | Y25: =(W25*V25) -> 0
G26: $ | H26: =H24+H25 -> 0 | K26: ='CARGAR datos p calculos'!$M$101 -> 75900 | M26: =IF('CARGAR datos p calculos'!$J$84=3,"0,04",IF('CARGAR datos p calculos'!$J$84=5,"0,05","0,06")) -> 0,05 | N26: 26 | O26: =(P15*3500) -> 5313000000 | P26: =P25+O26 -> 7590000000 | Q26: =O22*M22+O23*M23+O24*M24+O25*M25+O26*M26 -> 396957000 | W26: TOTAL | X26: $ | Y26: =Y24+Y25 -> 0
A27: d-1 ) Proyecto | C27: 0.6 | D27: de | E27: =H26 -> 0 | F27: =E27*0.6 -> 0 | K27: INCISO B | M27: =IF('CARGAR datos p calculos'!$J$84=3,"0,035",IF('CARGAR datos p calculos'!$J$84=5,"0,045","0,055")) -> 0,045 | N27: 27 | O27: EXCEDENTE | Y27: =IF(W23<=0,0,IF(AND(Y24>0,Y24<=AB41),AB41,IF(Y26>AB41,Y26))) -> 0
F28: TOTAL | G28: $ | H28: =F27 -> 0 | K28: ='CARGAR datos p calculos'!$M$102 -> 417450 | O28: MEDICION
H29: =IF(F23<=0,0,IF(AND(F27>0,F27<=K24),K24,IF(F27>K24,F27))) -> 0 | K29: MIN. INF. TEC. | O29: Parcial | P29: Acumulado | Q29: Acumulado
A30: b) Mediciones: Titulo VIII (exc. Incs C Y d) | K30: =(K26+K28) -> 493350 | Q30: 0.0125
A31: Inciso a) Tabla XXI | K31: VALOR BOCA | M31: 0.0125 | N31: 31 | O31: =(P15*10) -> 15180000 | P31: =O31 -> 15180000 | Q31: =O31*0.0125 -> 189750
A32: TOTAL (V.I.) | E32: F32=VI | F32: ='CARGAR datos p calculos'!$E$100 -> 0 | K32: ='CARGAR datos p calculos'!$M$103 -> 121440 | M32: 0.01 | N32: 32 | O32: =(P15*40) -> 60720000 | P32: =P31+O32 -> 75900000 | Q32: =O31*0.0125+O32*0.01 -> 796950
A33: Hasta | F33: =IF(F32<=0,0,IF(AND(F32>0,F32<O31),F32,IF(AND(F32>=O31,F32<P32),O31,IF(AND(F32>=P32,F32<P33),P32,IF(AND(F32>=P33,F32<P34),P33,IF(F32>=P34,P34)))))) -> 0 | G33: $ | H33: =IF(F32<=0,0,IF(AND(F32>0,F32<O31),(F32*0.0125),IF(AND(F32>=O31,F32<P32),Q31,IF(AND(F32>=P32,F32<P33),Q32,IF(AND(F32>=P33,F32<P34),Q33,IF(F32>=P34,Q34)))))) -> 0 | K33: VALOR HP | M33: 0.007 | N33: 33 | O33: =(P15*50) -> 75900000 | P33: =P32+O33 -> 151800000 | Q33: =O31*0.0125+O32*0.01+O33*0.007 -> 1328250
A34: s/los sigtes. | D34: % | E34: =IF(F33<=0,0,IF(AND(F33>0,F33<P32),0.01,IF(AND(F33>=P32,F33<P33),0.007,IF(AND(F33>=P33,F33<P34),0.005,IF(F33>=P34,0.003))))) -> 0 | F34: =IF(F32>=0,F32-F33) -> 0 | G34: $ | H34: =(E34*F34) -> 0 | K34: ='CARGAR datos p calculos'!$M$104 -> 546480 | M34: 0.005 | N34: 34 | O34: =(P15*150) -> 227700000 | P34: =P33+O34 -> 379500000 | Q34: =O31*0.0125+O32*0.01+O33*0.007+O34*0.005 -> 2466750
F35: TOTAL | H35: =(H33+H34) -> 0 | M35: 0.003 | O35: EXCEDENTE
H36: =IF(F32<=0,0,IF(AND(H35>0,H35<=K24),K24,IF(H35>K24,(H33+H34)))) -> 0
A37: c) Informe Tecnico (s/tit.II -art. 5º) | K37: A+B desde carga de datos | O37: INFORME TECNICO
K38: ='CARGAR datos p calculos'!I103 -> SI | O38: Parcial | P38: Acumulado | Q38: Acumulado
A39: S/inciso a() | H39: =IF(F41=0,0,K26) -> 0 | Q39: 0.02
A40: S/inciso b() | H40: =IF(F41=0,0,K28) -> 0 | M40: 0.02 | N40: 40 | O40: =(P15*5) -> 7590000 | P40: =O40 -> 7590000 | Q40: =O40*0.02 -> 151800
A41: TOTAL (V.I.) | E41: F41=VI | F41: ='CARGAR datos p calculos'!$E$115 -> 0 | M41: 0.015 | N41: 41 | O41: =(P15*20) -> 30360000 | P41: =P40+O41 -> 37950000 | Q41: =O40*0.02+O41*0.015 -> 607200
A42: HASTA | F42: =IF(F41<=0,0,IF(AND(F41>0,F41<O40),F41,IF(AND(F41>=O40,F41<P41),O40,IF(AND(F41>=P41,F41<P42),P41,IF(AND(F41>=P42,F41<P43),P42,IF(F41>=P43,P43)))))) -> 0 | H42: =IF(F41<=0,0,IF(AND(F41>0,F41<O40),(F41*0.02),IF(AND(F41>=O40,F41<P41),Q40,IF(AND(F41>=P41,F41<P42),Q41,IF(AND(F41>=P42,F41<P43),Q42,IF(F41>=P43,Q43)))))) -> 0 | I42: =IF(F41<=0,0,IF(AND(I43>0,I43<=K30),K30,IF(I43>K30,(I43)))) -> 0 | M42: 0.01 | N42: 42 | O42: =(P15*25) -> 37950000 | P42: =P41+O42 -> 75900000 | Q42: =O40*0.02+O41*0.015+O42*0.01 -> 986700
A43: s/los sigtes. | D43: % | E43: =IF(F42<=0,0,IF(AND(F42>0,F42<P41),0.015,IF(AND(F42>=P41,F42<P42),0.01,IF(AND(F42>=P42,F42<P43),0.008,IF(F42>=P43,0.005))))) -> 0 | F43: =IF(F41>=0,F41-F42) -> 0 | H43: =(F43*E43) -> 0 | I43: =H42+H43 -> 0 | M43: 0.008 | N43: 43 | O43: =(P15*450) -> 683100000 | P43: =P42+O43 -> 759000000 | Q43: =O40*0.02+O41*0.015+O42*0.01+O43*0.008 -> 6451500
A44: SUB-TOTAL | H44: =(H39+H40+H42+H43) -> 0 | M44: 0.005 | N44: 44 | O44: EXCEDENTE
A45: TOTAL | H45: =IF(F41<=0,0,IF(AND(H44>0,H44<=K30),K30,IF(H44>K30,(H44)))) -> 0
H46: =IF(NOT(K38="NO"),I42,H45) -> 0
A47: d) Inspeccion y Ensayo Electromecanico | O47: INSPECCION Y ENSAYO
O48: Parcial | P48: Acumulado | Q48: Acumulado
A49: TOTAL (V.I.) | E49: F49=VI | F49: ='CARGAR datos p calculos'!$E$130 -> 0 | Q49: 0.04
A50: Hasta | F50: =IF(F49<=0,0,IF(AND(F49>0,F49<O50),F49,IF(AND(F49>=O50,F49<P51),P50,IF(AND(F49>=P51,F49<P52),P51,IF(AND(F49>=P52,F49<P53),P52,IF(AND(F49>=P53,F49<P54),P53,IF(F49>=P54,P54))))))) -> 0 | G50: $ | H50: =IF(F49<=0,0,IF(AND(F49>0,F49<O50),(F49*0.04),IF(AND(F49>=O50,F49<P51),Q50,IF(AND(F49>=P51,F49<P52),Q51,IF(AND(F49>=P52,F49<P53),Q52,IF(AND(F49>=P53,F49<P54),Q53,IF(F49>=P54,Q54))))))) -> 0 | M50: 0.04 | N50: 50 | O50: =(P15*50) -> 75900000 | P50: =O50 -> 75900000 | Q50: =O50*0.04 -> 3036000
A51: s/los sigtes. | D51: % | E51: =IF(F50<=0,0,IF(AND(F50>0,F50<P51),0.035,IF(AND(F50>=P51,F50<P52),0.03,IF(AND(F50>=P52,F50<P53),0.025,IF(AND(F50>=P53,F50<P54),0.02,IF(F50>=P54,0.015)))))) -> 0 | F51: =IF(F49>=0,F49-F50) -> 0 | G51: $ | H51: =(E51*F51) -> 0 | M51: 0.035 | N51: 51 | O51: =(P15*200) -> 303600000 | P51: =P50+O51 -> 379500000 | Q51: =O50*0.04+O51*0.035 -> 13662000
A52: SUB-TOTAL | F52: TOTAL | H52: =(H50+H51) -> 0 | M52: 0.03 | N52: 52 | O52: =(P15*250) -> 379500000 | P52: =P51+O52 -> 759000000 | Q52: =O50*0.04+O51*0.035+O52*0.03 -> 25047000
G53: $ | H53: =IF(F49<=0,0,IF(AND(H52>0,H52<=K24),K24,IF(H52>K24,(H52)))) -> 0 | M53: 0.025 | N53: 53 | O53: =(P15*1000) -> 1518000000 | P53: =P52+O53 -> 2277000000 | Q53: =O50*0.04+O51*0.035+O52*0.03+O53*0.025 -> 62997000
M54: 0.02 | N54: 54 | O54: =(P15*3500) -> 5313000000 | P54: =P53+O54 -> 7590000000 | Q54: =O50*0.04+O51*0.035+O52*0.03+O53*0.025+O54*0.02 -> 169257000
M55: 0.015 | N55: 55 | O55: EXCEDENTE
A56: g) Inspeccion y Ensayo protocolo 900/15
A58: TOTAL (V.I.) | E58: F58=VI | F58: ='CARGAR datos p calculos'!$E$157 -> 0
A59: Hasta | F59: =IF(F58<=0,0,IF(AND(F58>0,F58<O50),F58,IF(AND(F58>=O50,F58<P51),P50,IF(AND(F58>=P51,F58<P52),P51,IF(AND(F58>=P52,F58<P53),P52,IF(AND(F58>=P53,F58<P54),P53,IF(F58>=P54,P54))))))) -> 0 | G59: $ | H59: =IF(F58<=0,0,IF(AND(F58>0,F58<O50),(F58*0.04),IF(AND(F58>=O50,F58<P51),Q50,IF(AND(F58>=P51,F58<P52),Q51,IF(AND(F58>=P52,F58<P53),Q52,IF(AND(F58>=P53,F58<P54),Q53,IF(F58>=P54,Q54))))))) -> 0
A60: s/los sigtes. | D60: % | E60: =IF(F59<=0,0,IF(AND(F59>0,F59<P51),0.035,IF(AND(F59>=P51,F59<P52),0.03,IF(AND(F59>=P52,F59<P53),0.025,IF(AND(F59>=P53,F59<P54),0.02,IF(F59>=P54,0.015)))))) -> 0 | F60: =IF(F58>=0,F58-F59) -> 0 | G60: $ | H60: =(E60*F60) -> 0 | K60: MINIMO 900/15 DESDE CARGA DE DATOS
A61: SUB-TOTAL | H61: =(H59+H60) -> 0 | K61: ='CARGAR datos p calculos'!$N$152 -> 1518000
F62: TOTAL | G62: $ | H62: =IF(F58<=0,0,IF(AND(H61>0,H61<=K61),K61,IF(H61>K61,(H61)))) -> 0
A65: f) Representacion Tecnica
O66: REPRESENTACION TECNICA
A67: TOTAL (V.I.) | E67: F67=VI | F67: ='CARGAR datos p calculos'!$E$146 -> 0 | O67: Parcial | P67: Acumulado | Q67: Acumulado
A68: Hasta | F68: =IF(F67<=0,0,IF(AND(F67>0,F67<O69),F67,IF(AND(F67>=O69,F67<P70),P69,IF(AND(F67>=P70,F67<P71),P70,IF(AND(F67>=P71,F67<P72),P71,IF(AND(F67>=P72,F67<P73),P72,IF(AND(F67>=P73,F67<P74),P73,IF(AND(F67>=P74,F67<P75),P74,IF(F67>=P75,P75))))))))) -> 0 | G68: $ | H68: =IF(F67<=0,0,IF(AND(F67>0,F67<O69),(F67*0.05),IF(AND(F67>=O69,F67<P70),Q69,IF(AND(F67>=P70,F67<P71),Q70,IF(AND(F67>=P71,F67<P72),Q71,IF(AND(F67>=P72,F67<P73),Q72,IF(AND(F67>=P73,F67<P74),Q73,IF(AND(F67>=P74,F67<P75),Q74,IF(F67>=P75,Q75))))))))) -> 0 | Q68: 0.05
A69: s/los sigtes. | D69: % | E69: =IF(F68<=0,0,IF(AND(F68>0,F68<P70),0.04,IF(AND(F68>=P70,F68<P71),0.03,IF(AND(F68>=P71,F68<P72),0.025,IF(AND(F68>=P72,F68<P73),0.02,IF(AND(F68>=P73,F68<P74),0.015,IF(AND(F68>=P74,F68<P75),0.01,IF(F68>=P75,0.005)))))))) -> 0 | F69: =IF(F67>=0,F67-F68) -> 0 | G69: $ | H69: =(E69*F69) -> 0 | M69: 0.05 | N69: 69 | O69: =(P15*50) -> 75900000 | P69: =$O$69 -> 75900000 | Q69: =O69*0.05 -> 3795000
F70: TOTAL | H70: =(H68+H69) -> 0 | M70: 0.04 | N70: 70 | O70: =(P15*200) -> 303600000 | P70: =P69+O70 -> 379500000 | Q70: =O69*0.05+O70*0.04 -> 15939000
H71: =IF(F67<=0,0,IF(AND(H70>0,H70<=K24),K24,IF(H70>K24,(H70)))) -> 0 | M71: 0.03 | N71: 71 | O71: =(P15*250) -> 379500000 | P71: =P70+O71 -> 759000000 | Q71: =O69*0.05+O70*0.04+O71*0.03 -> 27324000
M72: 0.025 | N72: 72 | O72: =(P15*500) -> 759000000 | P72: =P71+O72 -> 1518000000 | Q72: =O69*0.05+O70*0.04+O71*0.03+O72*0.025 -> 46299000
A73: h) Representacion Tecnica de ascensores | M73: 0.02 | N73: 73 | O73: =(P15*1000) -> 1518000000 | P73: =P72+O73 -> 3036000000 | Q73: =O69*0.05+O70*0.04+O71*0.03+O72*0.025+O73*0.02 -> 76659000
M74: 0.015 | N74: 74 | O74: =(P15*2000) -> 3036000000 | P74: =P73+O74 -> 6072000000 | Q74: =O69*0.05+O70*0.04+O71*0.03+O72*0.025+O73*0.02+O74*0.015 -> 122199000
A75: HONORARIO: | B75: =(('CARGAR datos p calculos'!$I$139)+1)*0.08*K24*('CARGAR datos p calculos'!$I$140) -> 0 | M75: 0.01 | N75: 75 | O75: =(P15*4000) -> 6072000000 | P75: =P74+O75 -> 12144000000 | Q75: =O69*0.05+O70*0.04+O71*0.03+O72*0.025+O73*0.02+O74*0.015+O75*0.01 -> 182919000
H76: =(('CARGAR datos p calculos'!$I$139)+1)*0.08*K24*('CARGAR datos p calculos'!$I$140) -> 0 | M76: 0.005 | N76: 76 | O76: EXCEDENTE
A78: i) Inspeccion y ensayo medición de jabalinas s/Res.1209/21
A79: Cantidad de Jabalinas: | C79: ='CARGAR datos p calculos'!$D$161 -> 0 | K79: 1 A 3 JABALINAS | M79: =K24 -> 379500
A80: HONORARIO: | B80: =IF(C79<=3,K24,IF(C79<=6,2*K24,IF(C79<=20,3*K24,K83))) -> 379500 | C80: 3 | K80: 4 A 6 JABALINAS | M80: =2*M79 -> 759000
K81: 7 A 20 JABALINAS | M81: =3*M79 -> 1138500
K82: MAS DE 20 JABALINAS | M82: =M81 -> 1138500 | O82: MÁS 1 MINIMO CADA 5
H83: =IF(C79<=0,0,IF(C79>0,B80)) -> 0 | K83: =IF(C79<=25,4*K24,IF(C79<=30,5*K24,IF(C79<=35,6*K24,L83))) -> 1518000 | L83: =IF(C79<=40,7*K24,IF(C79<=45,8*K24,IF(C79<=50,9*K24,M83))) -> 2656500 | M83: =IF(C79<=55,10*K24,IF(C79<=60,11*K24,IF(C79<=65,12*K24,N83))) -> 3795000 | N83: =IF(C79<=70,13*K24,IF(C79<=75,14*K24,IF(C79<=80,15*K24,O83))) -> 4933500 | O83: =IF(C79<=85,16*K24,IF(C79<=90,17*K24,IF(C79<=95,18*K24,P83))) -> 6072000 | P83: =IF(C79<=100,19*K24,IF(C79<=105,20*K24,IF(C79<=110,21*K24,"fuera de cuenta"))) -> 7210500
A85: j) Inspección y ensayo Energías Renovables
A86: KW generados | B86: ='CARGAR datos p calculos'!$H$121 -> 0 | C86: =(B86*K34)/0.75 -> 0 | K86: 0-5Kw | M86: =K24 -> 379500
A87: HONORARIO: | B87: =IF(B86<=0,0,IF(AND(B86>0,B86<=5),K24,IF(AND(B86>5,B86<=15),(K24*1.5),IF(AND(B86>15,B86<=2000),C87)))) -> 0 | C87: =IF(AND(B86>15,E92<=M87),M87,E92) -> 0 | K87: 5-15Kw | M87: =M86*1.5 -> 569250
D88: =C86 -> 0 | K88: >15Kw | M88: Según tabla
A89: Hasta | D89: =IF(C86<=0,0,IF(AND(C86>0,C86<O50),C86,IF(AND(C86>=O50,C86<P51),P50,IF(AND(C86>=P51,C86<P52),P51,IF(AND(C86>=P52,C86<P53),P52,IF(AND(C86>=P53,C86<P54),P53,IF(C86>=P54,P54))))))) -> 0 | E89: $ | F89: =IF(C86<=0,0,IF(AND(C86>0,C86<O50),(C86*0.04),IF(AND(C86>=O50,C86<P51),Q50,IF(AND(C86>=P51,C86<P52),Q51,IF(AND(C86>=P52,C86<P53),Q52,IF(AND(C86>=P53,C86<P54),Q53,IF(C86>=P54,Q54))))))) -> 0
A90: s/los sigtes. | B90: % | C90: =IF(F50<=0,0,IF(AND(F50>0,F50<P51),0.035,IF(AND(F50>=P51,F50<P52),0.03,IF(AND(F50>=P52,F50<P53),0.025,IF(AND(F50>=P53,F50<P54),0.02,IF(F50>=P54,0.015)))))) -> 0 | D90: =IF(C86>=0,D88-D89) -> 0 | E90: $ | F90: =(C90*D90) -> 0 | H90: =IF(B86<=0,0,IF(AND(B86>0,B86<=5),K24,IF(AND(B86>5,B86<=15),(K24*1.5),IF(AND(B86>15,B86<=2000),C87)))) -> 0
A91: SUB-TOTAL | E91: =(F89+F90) -> 0
E92: =IF(C86<=0,0,IF(AND(E91>0,E91<=K24),K24,IF(E91>K24,(E91)))) -> 0
A95: Honorario calculado | G95: $ | H95: =H76+H70+H62+H52+H46+H35+H28+H18+H83+H90 -> 0
A96: Honorario mínimo (Monto mínimo del Contrato) | G96: $ | H96: =IF(H95<=0,0,IF(AND(H95>0,H95<=K24),K24,IF(H95>K24,(H95)))) -> 0
A98: SE CONSIGNA EL MONTO DEL HONORARIO EN PESOS: | G98: $ | H98: =ROUNDUP(H96,0) -> 0

Sheet VIEJA Planilla A
T1: A
J2: AUTORIZACION PARA SOLICITUD DE SUMINISTRO DE ENERGIA ELECTRICA
A13: El que suscribe | F13: ='CARGAR datos'!E19 -> - | T13: CUIT/CUIL: | X13: ='CARGAR datos'!E21 -> - | AD13: Instalador Electricista,
A15: con Título Profesional: | H15: ='CARGAR datos'!E24 -> - | W15: Matrícula Nº: | AA15: ='CARGAR datos'!E25 -> - | AF15: Reg. Inst. Muni-
A17: cipal Nº | D17: ='CARGAR datos'!K25 -> - | G17: con domicilio en calle: | O17: ='CARGAR datos'!E23 -> - | AC17: Nº: | AD17: ='CARGAR datos'!I23 -> - | AG17: Piso: | AI17: ='CARGAR datos'!K23 -> -
A19: Dpto.: | C19: ='CARGAR datos'!M23 -> - | E19: de la localidad de: | K19: ='CARGAR datos'!O23 -> BAHIA BLANCA | R19: Código Postal: | W19: ='CARGAR datos'!Q23 -> 8000 | Z19: Tel./Fax.: | AC19: ='CARGAR datos'!M25 -> -
A21: Declara bajo su propia responsabilidad que la instalación eléctrica que describe, ha sido realizada conforme a lo .
A22: establecido en el Reglamento de Instalaciones Eléctricas en inmuebles según Ord. Municipal Nº 11233, de Bahía
A23: Blanca
B25: DATOS DEL PROPIETARIO:
A27: Apellido y nombre: | G27: ='CARGAR datos'!E8 -> - | V27: CUIT/CUIL: | Z27: ='CARGAR datos'!E10 -> -
A29: Domicilio legal calle: | H29: ='CARGAR datos'!E16 -> - | V29: Nº: | W29: ='CARGAR datos'!I16 -> - | AA29: Piso: | AC29: ='CARGAR datos'!K16 -> - | AF29: Dpto.: | AH29: ='CARGAR datos'!M16 -> -
A31: Localidad de: | F31: ='CARGAR datos'!O16 -> BAHIA BLANCA | O31: Código Postal: | T31: ='CARGAR datos'!Q16 -> 8000 | X31: TEL. /Fax.: | AB31: ='CARGAR datos'!E13 -> -
A33: E-mail: | D33: ='CARGAR datos'!E14 -> -
B35: DATOS DEL INMUEBLE:
A37: Localidad de: | F37: ='CARGAR datos'!E31 -> BAHIA BLANCA | N37: Partido: | Q37: ='CARGAR datos'!J31 -> BAHIA BLANCA | Y37: Provincia: | AB37: ='CARGAR datos'!O31 -> BUENOS AIRES
A39: Circunscripción: | F39: ='CARGAR datos'!F32 -> - | I39: Sección: | L39: ='CARGAR datos'!H32 -> - | O39: Manzana: | R39: ='CARGAR datos'!J32 -> - | U39: Parcela: | X39: ='CARGAR datos'!L32 -> - | AA39: Partida: | AD39: ='CARGAR datos'!O32 -> -
A41: Calle: | C41: ='CARGAR datos'!E30 -> - | M41: N° | N41: ='CARGAR datos'!I30 -> - | Q41: Piso: | S41: ='CARGAR datos'!K30 -> - | U41: Departamento: | Z41: ='CARGAR datos'!M30 -> - | AC41: Local: | AF41: ='CARGAR datos'!P30 -> -
A43: Entre: | C43: ='CARGAR datos'!E33 -> - | Q43: y | R43: ='CARGAR datos'!I33 -> -
A45: Tramitado bajo Exp. Municipal Nº | L45: ='CARGAR datos'!F55 -> - | X45: Letra: | Z45: ='CARGAR datos'!H55 -> - | AD45: Año: | AF45: ='CARGAR datos'!J55 -> -
B46: DATOS DE LA INSTALACION ELECTRICA:
A48: Potencia máxima a demandar: | K48: ='CARGAR datos'!E47 -> - | P48: Kw
A50: Monofásica: | E50: ='CARGAR datos'!E50 -> - | G50: Trifásica: | J50: ='CARGAR datos'!E52 -> - | O50: - Industrial: | S50: ='CARGAR datos'!I50 -> - | U50: -Comercial: | Y50: ='CARGAR datos'!I51 -> - | AA50: - Residencial: | AF50: ='CARGAR datos'!I52 -> -
A52: *Validez de esta Autorización: 30 días corridos de la fecha de aprobación municipal.
A53: *El propietario autoriza a que la instalación eléctrica sea inspeccionada por la
A54: Municipalidad correspondiente y/o los Colegios Profesionales.
A55: Observaciones: | F55: ='CARGAR datos'!C54 -> -
A58: INSTALADOR | J58: PROPIETARIO | S58: MUNICIPALIDAD | AB58: COLEGIO
A60: ='CARGAR datos'!I10 -> 0 | J60: ='CARGAR datos'!L10 -> 0
A65: ='CARGAR datos'!E19 -> - | J65: ='CARGAR datos'!E8 -> -
C66: ='CARGAR datos'!E25 -> - | K66: ='CARGAR datos'!E10 -> -
B67: Fecha: | E67: ='CARGAR datos'!Z25 -> 46204 | K67: Fecha: | N67: ='CARGAR datos'!Z25 -> 46204 | T67: Fecha: | AC67: Fecha:

Sheet DDJJ Visado online
B8: DECLARACIÓN JURADA VISADO ONLINE
B11: En la ciudad de | D11: ='CARGAR datos'!E5 -> BAHIA BLANCA | G11: yo, | H11: ='CARGAR datos'!E8 -> -
B12: a los | C12: ='CARGAR datos'!I5 -> 1 | E12: dias, del mes de | G12: ='CARGAR datos'!L5 -> 7 | I12: del año | J12: ='CARGAR datos'!N5 -> 2026
B13: declaro bajo juramento que tanto los datos de la obra de esta documentación presentada, como así también
B14: la firma del comitente corresponden a mi persona. Además, autorizo al/los profesional/es a escanear mi
B15: firma y aplicarla sobre la documentación comprendida en la ficha CEP N° | J15: XXXXXXX | L15: . | Q15: CARGAR CEP DESDE SIGMA
B17: DATOS DEL CONTRATO
B19: Fecha de contrato: | D19: ='CARGAR datos'!I5 -> 1 | E19: de | F19: ='CARGAR datos'!L5 -> 7 | H19: de | I19: ='CARGAR datos'!N5 -> 2026 | K19: .
B20: Vigencia del contrato: | D20: ='CARGAR datos'!F36 -> 6 | E20: meses.
B21: Monto del contrato: | D21: ='CARGAR datos p calculos'!G46 -> 379500 | G21: ( | H21: ='CARGAR datos p calculos'!A47 -> TRESCIENTOS SETENTA Y NUEVE MIL QUINIENTOS CON 00/100 | M21: )
B22: Tarea colegial: | D22: ='CARGAR datos'!E28 -> PROYECTO
B23: Objetivo de la tarea: | D23: ='CARGAR datos'!E29 -> Completar aquí el objetivo de la tarea
B25: DATOS DE LA OBRA
B27: Domicilio de obra: | D27: ='CARGAR datos'!E30 -> - | J27: N°: | K27: ='CARGAR datos'!I30 -> -
B28: Nomenclatura Catastral: | E28: CIRC: | F28: ='CARGAR datos'!F32 -> - | G28: SEC: | H28: ='CARGAR datos'!H32 -> - | I28: MANZ: | J28: ='CARGAR datos'!J32 -> - | K28: PARC: | L28: ='CARGAR datos'!L32 -> -
E29: U.F: | F29: - | H29: PART: | I29: ='CARGAR datos'!O32 -> -
B31: DATOS DEL COMITENTE
B33: Nombre y Apellido: | D33: ='CARGAR datos'!E8 -> -
B34: Domicilio Legal: | D34: ='CARGAR datos'!E16 -> - | J34: N°: | K34: ='CARGAR datos'!I16 -> -
B35: C.U.I.T.: | D35: ='CARGAR datos'!E10 -> -
B37: DATOS DEL PROFESIONAL
B39: Nombre y Apellido: | D39: ='CARGAR datos'!E19 -> -
B40: Matrícula: | D40: ='CARGAR datos'!E25 -> -
B41: Domicilio: | D41: ='CARGAR datos'!E23 -> - | J41: N°: | K41: ='CARGAR datos'!I23 -> -
B43: FIRMAS
B44: COMITENTE | H44: PROFESIONAL

Sheet Planilla A
M2: ANEXO 2 - RES Nº 776/11
J3: VISADO Nº | T3: Nº | X3: A
J4: CERTIFICADO DE APTITUD DE INSTALACION ELÉCTRICA
J6: SUMINISTRO DE ENERGIA ELECTRICA
J8: DE OBRA | M8: ='CARGAR datos'!N50 -> - | O8: DEFINITIVA | R8: ='CARGAR datos'!N51 -> - | T8: AMP.POT | W8: ='CARGAR datos'!N52 -> -
J10: REHABILIT | M10: ='CARGAR datos'!S50 -> - | N10: CENSO CARGA | R10: ='CARGAR datos'!S51 -> - | T10: PREFACT. | W10: ='CARGAR datos'!S52 -> -
B13: El presente CERTIFICADO DE APTITUD DE INSTALACION ELÉCTRICA se elabora para dar cumpliminto a la METODOLOGIA DEL CONTROL PARA HABILITACION DE INSTALACIONES ELÉCTRICAS Para ser válido deberá estar visado por el Colegio de Tecnicos de la Pcia. de Buenos Aires
B19: El que suscribe | E19: ='CARGAR datos'!E19 -> - | O19: DNI | P19: ='CARGAR datos'!E20 -> - | S19: Instalador electricista con
B21: Titulo Profesional de | F21: ='CARGAR datos'!E24 -> - | M21: Matrícula Nº | P21: ='CARGAR datos'!E25 -> - | R21: Reg Inst. Municipal | V21: ='CARGAR datos'!K25 -> -
B24: Con domicilio real | F24: ='CARGAR datos'!E22 -> - | T24: Nº | V24: ='CARGAR datos'!I22 -> -
B27: Localidad de | F27: ='CARGAR datos'!O22 -> BAHIA BLANCA | N27: Cod. | P27: ='CARGAR datos'!Q22 -> 8000 | R27: Tel/Fax | T27: ='CARGAR datos'!M25 -> -
B30: Declara, bajo su propia responsabilidad, que la instalación eléctrica que se describe ha sido realizada conforme a lo
B32: establecido en la Res. | H32: del ENRE/OCEBA y el reglamento de instalaciones eléctricas en inmuebles según:
B35: ORD. Municipal Nº | F35: 11233 | L35: de | M35: la Municip. de | Q35: Bahía Blanca
B37: Reglamento AEA 1987 | J37: Reglamento AEA 2006 | O37: X | Q37: Reglamento : | S37: 90364
B38: y normas (indicar otras)
B39: Tarea profesional: | G39: ='CARGAR datos'!E28 -> PROYECTO
B40: DATOS DEL TITULAR
B42: Apellido y Nombres | F42: ='CARGAR datos'!E8 -> - | R42: DNI | S42: ='CARGAR datos'!E9 -> -
B45: Domicilio Legal Calle | F45: ='CARGAR datos'!E16 -> - | R45: Nº | S45: ='CARGAR datos'!I16 -> - | V45: Piso | W45: ='CARGAR datos'!K16 -> -
B48: Localidad de | E48: ='CARGAR datos'!O16 -> BAHIA BLANCA | M48: Cod. | N48: ='CARGAR datos'!Q16 -> 8000 | Q48: Tel/ Fax | S48: ='CARGAR datos'!E13 -> -
B53: DATOS DEL INMUEBLE
B56: Circ | C56: ='CARGAR datos'!F32 -> - | E56: Secc | G56: ='CARGAR datos'!H32 -> - | J56: Mz | K56: ='CARGAR datos'!J32 -> - | N56: Parc | P56: ='CARGAR datos'!L32 -> - | R56: Sub Parc
B59: Calle | C59: ='CARGAR datos'!E30 -> - | K59: Nº | L59: ='CARGAR datos'!I30 -> - | N59: Depto. | P59: ='CARGAR datos'!M30 -> - | R59: Localidad | T59: ='CARGAR datos'!E31 -> BAHIA BLANCA
B62: Tramitado Exp. Nº | F62: ='CARGAR datos'!F55 -> - | K62: Letra | M62: ='CARGAR datos'!H55 -> - | Q62: Año | R62: ='CARGAR datos'!J55 -> -
B67: DATOS DE LA INSTALACIÓN ELÉCTRICA
B70: Potencia Total | H70: ='CARGAR datos'!E47 -> - | M70: KW | N70: Potencia Max. a demandar | T70: ='CARGAR datos'!L47 -> - | W70: KW
B74: Monofásica | E74: ='CARGAR datos'!E50 -> - | F74: Trifásica | J74: ='CARGAR datos'!E52 -> - | L74: Industrial | O74: ='CARGAR datos'!I50 -> - | P74: Comercial | S74: ='CARGAR datos'!I51 -> - | T74: Residencial | W74: ='CARGAR datos'!I52 -> -
B78: Número Contribuyente | M78: Provincial | P78: Municipal | T78: Res.Multifam.
B82: Tensión (kV) | G82: In Int.Principal (A) | M82: Polos | Q82: Tarifa | T82: Otros
B85: Icc (kA) | G85: Secc.Cond.(mm2) | M85: Disyuntor
B88: Observaciones | E88: ='CARGAR datos'!C54 -> -
B95: PROFESIONAL | G95: TITULAR | M95: MUNICIPALIDAD | S95: COLEGIO
B96: ='CARGAR datos'!I10 -> 0 | G96: ='CARGAR datos'!L10 -> 0
B103: Fecha …………………….. | C103: ='CARGAR datos'!Z25 -> 46204 | G103: Fecha | J103: ='CARGAR datos'!Z25 -> 46204 | M103: Fecha ……………………..….. | S103: Fecha
G106: ANEXO I - Planilla A - Resolución Nº 717/10

Sheet Planilla B
M2: ANEXO 3 - RES Nº 782/11
J3: VISADO Nº | R3: Nº | X3: B
J4: Planilla de Inspección
J6: CERTIFICADO DE APTITUD INSTALACIÓN ELÉCTRICA
J8: DATOS DEL INMUEBLE
J10: Circ. | K10: ='CARGAR datos'!F32 -> - | M10: Secc. | N10: ='CARGAR datos'!H32 -> - | P10: Mz | Q10: ='CARGAR datos'!J32 -> - | S10: Parc | T10: ='CARGAR datos'!L32 -> - | V10: Part. | W10: ='CARGAR datos'!O32 -> -
J11: Calle | K11: ='CARGAR datos'!E30 -> - | S11: Nº | T11: ='CARGAR datos'!I30 -> -
J14: Tramitado Exp. Municipal Nº | P14: ='CARGAR datos'!F55 -> - | S14: letra | U14: ='CARGAR datos'!H55 -> - | V14: Año | W14: ='CARGAR datos'!J55 -> -
A18: INSPECCIÓN VISUAL | U18: Cumplido
U19: Si | W19: No
A20: 1 | B20: Correcta ejecución de cañería y bandeja | U20: X
A22: 2 | B22: Correcto conexionado de la instalación de la puesta a tierra y ejecución de la misma | U22: X
A24: 3 | B24: En todos los tomacorriente, bornes de tierra conectado al conducto de tierra | U24: X
A26: 4 | B26: Operación mecánica correcta de los aparatos de maniobra y protección | U26: X
A28: 5 | B28: Acción eficaz de los enclavamientos de los aparatos de maniobra y protección | U28: X
A30: 6 | B30: Correcta ejecución de la uniones eléctricas de los conductores | U30: X
A32: 7 | B32: Correcta aplicación del código de colores de conductores activos y de protección | U32: X
A34: 8 | B34: Ubicación, características e inscripciones indicativas de los tableros principal y seccional | U34: X
A36: CONFORMIDAD CON EL PROYECTO Y LA REGLAMENTACIÓN | P36: Nº | R36: u | U36: Cumplido
U37: Si | W37: No
A38: 9 | B38: Cantidad y destino de los circuitos | R38: nº | U38: X
A40: 10 | B40: Sección de los conductores | R40: mm | U40: X
A42: 11 | B42: Sección del conductor de protección | R42: mm | U42: X
A44: 12 | B44: Medidas y características de los materiales de las canalizaciones | R44: m | U44: X
A46: 13 | B46: Caracteristicas nominales de los aparatos de maniobra y protección | R46: A | U46: X
A48: 14 | B48: Cumple condiciones reglamentarias | P48: ENRE/OCEBA | U48: X
A50: 15 | B50: Potencia máxima a demandar en KW | P50: ='CARGAR datos'!L47 -> - | R50: KW
A52: VERIFICACIONES | R52: Cumplido
R53: Si | U53: No
A54: 16 | B54: Continuidad de los conductores activos | R54: X
A56: 17 | B56: Continuidad de las canalizaciones metálicas | R56: X
A58: 18 | B58: Continuidad del conductor de protección | R58: X
A60: RESISTENCIA DE AISLACIÓN DE LA INSTALACIÓN | R60: Cumplido | W60: Valor medido
R62: Si | U62: No | W62: en MΩ
A64: 19 | B64: Entre conductores de fase | R64: X | W64: ='CARGAR datos'!L65 -> -
A66: 20 | B66: Entre conductores de fase unidos entre si y neutro | R66: X | W66: ='CARGAR datos'!L65 -> -
A68: 21 | B68: Entre conductores de fase unidos entre si y conductor de protección | R68: X | W68: ='CARGAR datos'!L65 -> -
A70: 22 | B70: Entre conductor neutro y conductor de protección | R70: X | W70: ='CARGAR datos'!L65 -> -
A72: RESISTENCIA DE PUESTA A TIERRA | R72: Cumplido | W72: Valor medido
R73: Si | U73: No | W73: en Ω
A74: 23 | B74: Toma de tierra de la instalación | R74: X
A76: 24 | B76: Tomacorriente genérico de la instalación | R76: X
A78: 25 | B78: Masa genérica de la Instalación | R78: X
A80: 26 | B80: Electrodo de tierra | R80: X | W80: ='CARGAR datos'!D65 -> 8
A81: Proyecto aprobado | E81: Inspecciones parciales aprobadas
A83: Cumple Res. | F83: del ENRE/OCEBA.-
A84: Observaciones | E84: ='CARGAR datos'!C54 -> -
A88: El titular acepta que la instalación eléctrica interna sea inspeccionada por la Municipalidad de
A89: ='CARGAR datos'!E31 -> BAHIA BLANCA | G89: y/o por Profesional autorizado por el Colegio de Tecnicos de | I89: y/o por Profesional autorizado por el Colegio de Ingenieros de la Prov. de Buenos Aires
G90: la Prov. de Buenos Aires
A92: PROFESIONAL | F92: TITULAR | M92: MUNICIPALIDAD | S92: COLEGIO
A93: ='CARGAR datos'!I10 -> 0 | F93: ='CARGAR datos'!L10 -> 0
C99: ='CARGAR datos'!Z25 -> 46204 | H99: ='CARGAR datos'!Z25 -> 46204
A100: Fecha | F100: Fecha | M100: Fecha | S100: Fecha
F103: ANEXO I - Planilla B - Resolución Nº 717/10

Sheet VIEJA Planilla B
T1: B
J2: PLANILLA DE INSPECCION
J4: Anexo de la AUTORIZACION PARA SOLICITUD DE SUMINISTRO DE ENERGIA ELECTRICA
K7: Circ.: | M7: ='CARGAR datos'!F32 -> - | O7: Secc.: | Q7: ='CARGAR datos'!H32 -> - | T7: Mz.: | V7: ='CARGAR datos'!J32 -> - | X7: Parc.: | AA7: ='CARGAR datos'!L32 -> - | AC7: Part.: | AE7: ='CARGAR datos'!O32 -> -
J8: Calle: | L8: ='CARGAR datos'!E30 -> - | AG8: N° | AH8: ='CARGAR datos'!I30 -> -
J9: Piso: | L9: ='CARGAR datos'!K30 -> - | P9: Departamento: | U9: ='CARGAR datos'!M30 -> - | Y9: Local: | AB9: ='CARGAR datos'!P30 -> -
J10: Entre: | L10: ='CARGAR datos'!E33 -> - | X10: y | Y10: ='CARGAR datos'!I33 -> -
J11: Exp. Municipal Nº | P11: ='CARGAR datos'!F55 -> - | U11: Letra: | W11: ='CARGAR datos'!H55 -> - | Z11: Año: | AB11: ='CARGAR datos'!J55 -> -
A12: INSPECCION VISUAL | AC12: CUMPLIDO
AC13: SI | AG13: NO
B14: 1 - Correcta ejecución de cañería y bandeja. | AC14: X
B15: 2 - Correcto conexionado de la instalación de puesta a tierra y ejecución de la misma. | AC15: X
B16: 3 - En todos los tomacorrientes, bornes de tierra conectada al conductor de tierra. | AC16: X
B17: 4 - Operación mecánica correcta de los aparatos de maniobra y protección. | AC17: X
B18: 5 - Acción eficaz de los enclavamientos de los aparatos de maniobra y protección. | AC18: X
B19: 6 - Correcta ejecución de las uniones eléctricas de los conductores. | AC19: X
B20: 7 - Correcta aplicación del código de colores de conductores activos y de protección | AC20: X
B21: 8 - Ubicación, características e inscripciones indicativas de los tableros principal y seccional. | AC21: X
A22: CONFORMIDAD EN EL PROYECTO Y LA REGLAMENTACION
B23: 9 - Cantidad y destino de los circuitos. | AC23: X
B24: 10 - Sección de los conductores | AC24: X
B25: 11 - Sección del conductor de protección. | AC25: X
B26: 12 - Medidas y características de los materiales de las canalizaciones. | AC26: X
B27: 13 - Características nominales de los aparatos de maniobra y protección. | AC27: X
B28: 14 - Potencia máxima a demandar KW. | AC28: X
A29: MEDICIONES
B30: 15 - Continuidad de los conductores activos | AC30: X
B31: 16 - Continuidad de las canalizaciones metálicas | AC31: X
B32: 17 - Continuidad del conductor de protección. | AC32: X
A33: RESISTENCIA DE LA AISLACION DE LA INSTALACION | AB33: =AC12 -> CUMPLIDO | AH33: Valor medido
AB34: =AC13 -> SI | AE34: =AG13 -> NO
B35: 18 - Entre conductores de fase. | AB35: X | AH35: ='CARGAR datos'!L65 -> - | AJ35: MΩ
B36: 19 - Entre conductores de fase unidos entre sí y neutro. | AB36: X | AH36: ='CARGAR datos'!L65 -> - | AJ36: MΩ
B37: 20 - Entre conductores de fase unidos entre sí y conductor de protección. | AB37: X | AH37: ='CARGAR datos'!L65 -> - | AJ37: MΩ
B38: 21 - Entre conductor neutro y conductor de protección. | AB38: X | AH38: ='CARGAR datos'!L65 -> - | AJ38: MΩ
A39: RESISTENCIA P.A.T.
B40: 22 - Tomacorriente de la instalación. | AB40: X | AJ40: Ω
B41: 23 - Tomacorriente genérico de la instalación. | AB41: X | AJ41: Ω
B42: 24 - Masa genérica de la instalación. | AB42: X | AH42: ='CARGAR datos'!D65 -> 8 | AJ42: Ω
B46: Telurimetro: | F46: ='CARGAR datos'!D59 -> - | L46: Modelo: | O46: ='CARGAR datos'!D61 -> - | T46: N° de Serie: | X46: ='CARGAR datos'!D63 -> -
B48: Megohmetro | F48: ='CARGAR datos'!L59 -> - | L48: Modelo: | O48: ='CARGAR datos'!L61 -> - | T48: N° de Serie: | X48: ='CARGAR datos'!L63 -> -
B50: OBSERVACIONES: | H50: ='CARGAR datos'!C54 -> -
B55: *Validez de esta Autorización: 30 días corridos de la fecha de aprobación municipal.
B56: *El propietario autoriza a que la instalación eléctrica sea inspeccionada por la
B57: Municipalidad correspondiente y/o los Colegios Profesionales.
A61: INSTALADOR | J61: PROPIETARIO | S61: MUNICIPALIDAD | AB61: COLEGIO
A63: ='CARGAR datos'!I10 -> 0 | J63: ='CARGAR datos'!L10 -> 0
A68: ='CARGAR datos'!E19 -> - | J68: ='CARGAR datos'!E8 -> -
C69: ='CARGAR datos'!E25 -> - | K69: ='CARGAR datos'!E10 -> -
B70: Fecha: | E70: ='CARGAR datos'!Z25 -> 46204 | K70: Fecha: | N70: ='CARGAR datos'!Z25 -> 46204 | T70: Fecha: | AC70: Fecha:

Sheet Planilla C
T1: C
J2: AUTORIZACION PARA SOLICITUD DE SUMINISTRO DE ENERGIA ELECTRICA
J6: "Reglamento de Instalaciones Eléctricas en Inmuebles" según Ord. Municipalidad º Bahía Blanca Nº 11233
J9: El presente CERTIFICADO DE APTITUD DE INSTALACION ELECTRICA se realiza para dar cumplimiento al punto 10.3 del Anexo complementario de la Reglamentación para las instalaciones Eléctricas en Inmuebles.
A13: El que suscribe | F13: ='CARGAR datos'!E19 -> - | T13: CUIT/CUIL: | X13: ='CARGAR datos'!E21 -> - | AD13: Instalador Electricista,
A15: con Título Profesional: | H15: ='CARGAR datos'!E24 -> - | W15: Matrícula Nº: | AA15: ='CARGAR datos'!E25 -> - | AF15: Reg. Inst. Muni-
A17: cipal Nº | D17: ='CARGAR datos'!K25 -> - | G17: con domicilio en calle: | O17: ='CARGAR datos'!E23 -> - | AC17: Nº: | AD17: ='CARGAR datos'!I23 -> - | AG17: Piso: | AI17: ='CARGAR datos'!K23 -> -
A19: Dpto.: | C19: ='CARGAR datos'!M23 -> - | E19: de la localidad de: | K19: ='CARGAR datos'!O23 -> BAHIA BLANCA | R19: Código Postal: | W19: ='CARGAR datos'!Q23 -> 8000 | Z19: Tel./Fax.: | AC19: ='CARGAR datos'!M25 -> -
A21: Declara bajo su propia responsabilidad que la instalación eléctrica que describe, ha sido realizada conforme a lo .
A22: establecido en el Reglamento de Instalaciones Eléctricas en inmuebles según Ord. Municipal Nº 11233, de Bahía
A23: Blanca
B25: DATOS DEL PROPIETARIO:
A27: Apellido y nombre: | G27: ='CARGAR datos'!E8 -> - | V27: CUIT/CUIL: | Z27: ='CARGAR datos'!E10 -> -
A29: Domicilio legal calle: | H29: ='CARGAR datos'!E16 -> - | V29: Nº: | W29: ='CARGAR datos'!I16 -> - | AA29: Piso: | AC29: ='CARGAR datos'!K16 -> - | AF29: Dpto.: | AH29: ='CARGAR datos'!M16 -> -
A31: Localidad de: | F31: ='CARGAR datos'!O16 -> BAHIA BLANCA | O31: Código Postal: | T31: ='CARGAR datos'!Q16 -> 8000 | X31: TEL. /Fax.: | AB31: ='CARGAR datos'!E13 -> -
A33: E-mail: | D33: ='CARGAR datos'!E14 -> -
B35: DATOS DEL INMUEBLE:
A37: Localidad de: | F37: ='CARGAR datos'!E31 -> BAHIA BLANCA | N37: Partido: | Q37: ='CARGAR datos'!J31 -> BAHIA BLANCA | Y37: Provincia: | AB37: ='CARGAR datos'!O31 -> BUENOS AIRES
A39: Circunscripción: | F39: ='CARGAR datos'!F32 -> - | I39: Sección: | L39: ='CARGAR datos'!H32 -> - | O39: Manzana: | R39: ='CARGAR datos'!J32 -> - | U39: Parcela: | X39: ='CARGAR datos'!L32 -> - | AA39: Partida: | AD39: ='CARGAR datos'!O32 -> -
A41: Calle: | C41: ='CARGAR datos'!E30 -> - | M41: N° | N41: ='CARGAR datos'!I30 -> - | Q41: Piso: | S41: ='CARGAR datos'!K30 -> - | U41: Departamento: | Z41: ='CARGAR datos'!M30 -> - | AC41: Local: | AF41: ='CARGAR datos'!P30 -> -
A43: Entre: | C43: ='CARGAR datos'!E33 -> - | Q43: y | R43: ='CARGAR datos'!I33 -> -
A45: Tramitado bajo Exp. Municipal Nº | L45: ='CARGAR datos'!F55 -> - | X45: Letra: | Z45: ='CARGAR datos'!H55 -> - | AD45: Año: | AF45: ='CARGAR datos'!J55 -> -
B47: DATOS DE LA INSTALACION ELECTRICA:
A49: Potencia máxima a demandar: | K49: ='CARGAR datos'!E47 -> - | P49: Kw | U49: Valor de PAT: | Z49: ='CARGAR datos'!D65 -> 8 | AF49: Ohms
A51: Monofásica: | E51: ='CARGAR datos'!E50 -> - | G51: Trifásica: | J51: ='CARGAR datos'!E52 -> - | N51: • Riego: | Q51: ='CARGAR datos'!N50 -> - | S51: • Obra p/comercio: | Z51: ='CARGAR datos'!N51 -> - | AC51: • Obra nueva: | AH51: ='CARGAR datos'!N52 -> -
B53: Telurimetro: | F53: ='CARGAR datos'!D59 -> - | L53: Modelo: | O53: ='CARGAR datos'!D61 -> - | T53: N° de Serie: | X53: ='CARGAR datos'!D63 -> -
A54: *Validez de esta Autorización: 30 días corridos de la fecha de aprobación municipal.
A55: *El propietario autoriza a que la instalación eléctrica sea inspeccionada por la
A56: Municipalidad correspondiente y/o los Colegios Profesionales.
A57: Observaciones: | F57: ='CARGAR datos'!C54 -> -
A59: INSTALADOR | J59: PROPIETARIO | S59: MUNICIPALIDAD | AB59: COLEGIO
A61: ='CARGAR datos'!I10 -> 0 | J61: ='CARGAR datos'!L10 -> 0
A66: ='CARGAR datos'!E19 -> - | J66: ='CARGAR datos'!E8 -> -
C67: ='CARGAR datos'!E25 -> - | K67: ='CARGAR datos'!E10 -> -
B68: Fecha: | E68: ='CARGAR datos'!Z25 -> 46204 | K68: Fecha: | N68: ='CARGAR datos'!Z25 -> 46204 | T68: Fecha: | AC68: Fecha:

Sheet Num a Letra
D3: NUMERO | E3: ='CARGAR datos p calculos'!G46 -> 379500 | F3: =TRIM(B15) -> TRESCIENTOS SETENTA Y NUEVE MIL QUINIENTOS CON 00/100 | R3: NUMERO | S3: ingresar! | T3: =TRIM(P15) -> #VALUE!
D4: PARTE ENTERA | E4: =INT(E3) -> 379500 | R4: PARTE ENTERA | S4: =INT(S3) -> #VALUE!
D5: DECIMAL | E5: =IF((E3-E4)=0,"00",ROUND((E3-E4)*100,2)) -> 00 | R5: DECIMAL | S5: =IF((S3-S4)=0,"00",ROUND((S3-S4)*100,2)) -> #VALUE!
D6: MONEDA | R6: MONEDA
A8: MILLONES | B8: =INT(E3/1000000) -> 0 | E8: MILES | F8: =INT(MOD(E4/1000,1000)) -> 379 | I8: CENTENAS | J8: =MOD(E4,1000) -> 500 | O8: MILLONES | P8: =INT(S3/1000000) -> #VALUE! | S8: MILES | T8: =INT(MOD(S4/1000,1000)) -> #VALUE! | W8: CENTENAS | X8: =MOD(S4,1000) -> #VALUE!
A10: CENTENAS | B10: =B8 -> 0 | C10: =VLOOKUP(B10,$A$18:$B$28,2,1) | E10: CENTENAS | F10: =F8 -> 379 | G10: =VLOOKUP(F10,$A$18:$B$28,2,1) -> TRESCIENTOS | I10: CENTENAS | J10: =J8 -> 500 | K10: =VLOOKUP(J10,$A$18:$B$28,2,1) -> QUINIENTOS | O10: CENTENAS | P10: =P8 -> #VALUE! | Q10: =VLOOKUP(P10,$A$18:$B$28,2,1) -> #VALUE! | S10: CENTENAS | T10: =T8 -> #VALUE! | U10: =VLOOKUP(T10,$A$18:$B$28,2,1) -> #VALUE! | W10: CENTENAS | X10: =X8 -> #VALUE! | Y10: =VLOOKUP(X10,$A$18:$B$28,2,1) -> #VALUE!
A11: DECENAS | B11: =MOD(B8,100) -> 0 | C11: =VLOOKUP(B11,$E$18:$G$34,2,1) | D11: =IF(AND(B11>29,B12<>0)," Y ","") | E11: DECENAS | F11: =MOD(F8,100) -> 79 | G11: =VLOOKUP(F11,$E$18:$F$34,2,1) -> SETENTA | H11: =IF(AND(F11>29,F12<>0)," Y ","") -> Y | I11: DECENAS | J11: =MOD(J8,100) -> 0 | K11: =VLOOKUP(J11,$E$18:$F$34,2,1) | L11: =IF(AND(J11>29,J12<>0)," Y ","") | O11: DECENAS | P11: =MOD(P8,100) -> #VALUE! | Q11: =VLOOKUP(P11,$E$18:$G$34,2,1) -> #VALUE! | R11: =IF(AND(P11>29,P12<>0)," Y ","") -> #VALUE! | S11: DECENAS | T11: =MOD(T8,100) -> #VALUE! | U11: =VLOOKUP(T11,$E$18:$F$34,2,1) -> #VALUE! | V11: =IF(AND(T11>29,T12<>0)," Y ","") -> #VALUE! | W11: DECENAS | X11: =MOD(X8,100) -> #VALUE! | Y11: =VLOOKUP(X11,$E$18:$F$34,2,1) -> #VALUE! | Z11: =IF(AND(X11>29,X12<>0)," Y ","") -> #VALUE!
A12: UNIDADES | B12: =MOD(B11,10) -> 0 | C12: =IF((B11<10)+(B11>15),VLOOKUP(B12,$J$18:$L$27,3,0),"") | E12: UNIDADES | F12: =MOD(F11,10) -> 9 | G12: =IF(((F11<10)+(F11>15))*(F8<>1),VLOOKUP(F12,$J$18:$L$27,3,0),"") -> NUEVE | I12: UNIDADES | J12: =MOD(J11,10) -> 0 | K12: =IF((J11<10)+(J11>15),VLOOKUP(J12,$J$18:$K$27,2,0),"") | O12: UNIDADES | P12: =MOD(P11,10) -> #VALUE! | Q12: =IF((P11<10)+(P11>15),VLOOKUP(P12,$J$18:$L$27,3,0),"") -> #VALUE! | S12: UNIDADES | T12: =MOD(T11,10) -> #VALUE! | U12: =IF(((T11<10)+(T11>15))*(T8<>1),VLOOKUP(T12,$J$18:$L$27,3,0),"") -> #VALUE! | W12: UNIDADES | X12: =MOD(X11,10) -> #VALUE! | Y12: =IF((X11<10)+(X11>15),VLOOKUP(X12,$J$18:$K$27,2,0),"") -> #VALUE!
A13: CANTIDAD | B13: =VLOOKUP(B8,$N$18:$O$20,2,1) | E13: CANTIDAD | F13: =IF(F8=0,"","MIL") -> MIL | O13: CANTIDAD | P13: =VLOOKUP(P8,$N$18:$O$20,2,1) -> #VALUE! | S13: CANTIDAD | T13: =IF(T8=0,"","MIL") -> #VALUE!
A15: UNION LETRAS | B15: =IF(E4=0,"CERO",C10&" "&C11&D11&C12&" "&B13&" "&G10&" "&G11&H11&G12&" "&F13&" "&K10&" "&K11&L11&K12)&" CON "&E5&"/100 "&E6 -> TRESCIENTOS SETENTA Y NUEVE MIL QUINIENTOS CON 00/100 | O15: UNION LETRAS | P15: =IF(S4=0,"CERO",Q10&" "&Q11&R11&Q12&" "&P13&" "&U10&" "&U11&V11&U12&" "&T13&" "&Y10&" "&Y11&Z11&Y12)&" CON "&S5&"/100 "&S6 -> #VALUE!
A17: TABLA1 | E17: TABLA 2 | J17: TABLA 3 | N17: TABLA 4
A18: 0 | E18: 0 | J18: 0 | N18: 0
A19: 100 | B19: CIEN | E19: 10 | F19: DIEZ | J19: 1 | K19: UNO | L19: UN | N19: 1 | O19: MILLON
A20: 101 | B20: CIENTO | E20: 11 | F20: ONCE | J20: 2 | K20: DOS | L20: DOS | N20: 2 | O20: MILLONES
A21: 200 | B21: DOSCIENTOS | E21: 12 | F21: DOCE | J21: 3 | K21: TRES | L21: TRES
A22: 300 | B22: TRESCIENTOS | E22: 13 | F22: TRECE | J22: 4 | K22: CUATRO | L22: CUATRO
A23: 400 | B23: CUATROCIENTOS | E23: 14 | F23: CATORCE | J23: 5 | K23: CINCO | L23: CINCO | R23: NUMERO | S23: ingresar! | T23: =TRIM(P35) -> #VALUE!
A24: 500 | B24: QUINIENTOS | E24: 15 | F24: QUINCE | J24: 6 | K24: SEIS | L24: SEIS | R24: PARTE ENTERA | S24: =INT(S23) -> #VALUE!
A25: 600 | B25: SEISCIENTOS | E25: 16 | F25: DIECI | J25: 7 | K25: SIETE | L25: SIETE | R25: DECIMAL | S25: =IF((S23-S24)=0,"00",ROUND((S23-S24)*100,2)) -> #VALUE!
A26: 700 | B26: SETECIENTOS | E26: 20 | F26: VEINTE | J26: 8 | K26: OCHO | L26: OCHO | R26: MONEDA
A27: 800 | B27: OCHOCIENTOS | E27: 21 | F27: VEINTI | J27: 9 | K27: NUEVE | L27: NUEVE
A28: 900 | B28: NOVECIENTOS | E28: 30 | F28: TREINTA | O28: MILLONES | P28: =INT(S23/1000000) -> #VALUE! | S28: MILES | T28: =INT(MOD(S24/1000,1000)) -> #VALUE! | W28: CENTENAS | X28: =MOD(S24,1000) -> #VALUE!
E29: 40 | F29: CUARENTA
E30: 50 | F30: CINCUENTA | O30: CENTENAS | P30: =P28 -> #VALUE! | Q30: =VLOOKUP(P30,$A$18:$B$28,2,1) -> #VALUE! | S30: CENTENAS | T30: =T28 -> #VALUE! | U30: =VLOOKUP(T30,$A$18:$B$28,2,1) -> #VALUE! | W30: CENTENAS | X30: =X28 -> #VALUE! | Y30: =VLOOKUP(X30,$A$18:$B$28,2,1) -> #VALUE!
E31: 60 | F31: SESENTA | O31: DECENAS | P31: =MOD(P28,100) -> #VALUE! | Q31: =VLOOKUP(P31,$E$18:$G$34,2,1) -> #VALUE! | R31: =IF(AND(P31>29,P32<>0)," Y ","") -> #VALUE! | S31: DECENAS | T31: =MOD(T28,100) -> #VALUE! | U31: =VLOOKUP(T31,$E$18:$F$34,2,1) -> #VALUE! | V31: =IF(AND(T31>29,T32<>0)," Y ","") -> #VALUE! | W31: DECENAS | X31: =MOD(X28,100) -> #VALUE! | Y31: =VLOOKUP(X31,$E$18:$F$34,2,1) -> #VALUE! | Z31: =IF(AND(X31>29,X32<>0)," Y ","") -> #VALUE!
E32: 70 | F32: SETENTA | O32: UNIDADES | P32: =MOD(P31,10) -> #VALUE! | Q32: =IF((P31<10)+(P31>15),VLOOKUP(P32,$J$18:$L$27,3,0),"") -> #VALUE! | S32: UNIDADES | T32: =MOD(T31,10) -> #VALUE! | U32: =IF(((T31<10)+(T31>15))*(T28<>1),VLOOKUP(T32,$J$18:$L$27,3,0),"") -> #VALUE! | W32: UNIDADES | X32: =MOD(X31,10) -> #VALUE! | Y32: =IF((X31<10)+(X31>15),VLOOKUP(X32,$J$18:$K$27,2,0),"") -> #VALUE!
E33: 80 | F33: OCHENTA | O33: CANTIDAD | P33: =VLOOKUP(P28,$N$18:$O$20,2,1) -> #VALUE! | S33: CANTIDAD | T33: =IF(T28=0,"","MIL") -> #VALUE!
E34: 90 | F34: NOVENTA
O35: UNION LETRAS | P35: =IF(S24=0,"CERO",Q30&" "&Q31&R31&Q32&" "&P33&" "&U30&" "&U31&V31&U32&" "&T33&" "&Y30&" "&Y31&Z31&Y32)&" CON "&S25&"/100 "&S26 -> #VALUE!

Sheet Planilla C MONTE
T1: C
J2: AUTORIZACION PARA SOLICITUD DE SUMINISTRO DE ENERGIA ELECTRICA
J6: "Reglamento de Instalaciones Eléctricas en Inmuebles"
J9: El presente CERTIFICADO DE APTITUD DE INSTALACION ELECTRICA se realiza para dar cumplimiento a lo solicitado por la Cooperativa Eléctrica de Monte Hermoso.
A13: El que suscribe: | F13: ='CARGAR datos'!E19 -> - | T13: CUIT/CUIL: | X13: ='CARGAR datos'!E21 -> - | AD13: Instalador Electricista,
A15: con Título Profesional de: | I15: ='CARGAR datos'!E24 -> - | V15: Matrícula Nº: | Z15: ='CARGAR datos'!E25 -> - | AE15: Reg. Inst. Munici-
A17: pal Nº: | D17: ='CARGAR datos'!K25 -> - | G17: con domicilio en calle: | N17: ='CARGAR datos'!E23 -> - | Y17: Nº: | Z17: ='CARGAR datos'!I23 -> - | AC17: Piso: | AE17: ='CARGAR datos'!K23 -> - | AG17: Dpto.: | AI17: ='CARGAR datos'!M23 -> -
A19: de la localidad de: | G19: ='CARGAR datos'!O23 -> BAHIA BLANCA | N19: Código Postal: | S19: ='CARGAR datos'!Q23 -> 8000 | V19: TEL. /Fax.: | Z19: ='CARGAR datos'!M25 -> -
A21: Declara bajo su propia responsabilidad que la instalación eléctrica que describe, ha sido realizada conforme a lo .
A23: establecido en el Reglamento de Instalaciones Eléctricas en inmuebles.
B26: DATOS DEL PROPIETARIO:
A28: Apellido y nombre: | G28: ='CARGAR datos'!E8 -> - | U28: CUIT/CUIL: | Y28: ='CARGAR datos'!E10 -> -
A30: Domicilio legal calle: | H30: ='CARGAR datos'!E16 -> - | S30: Nª | T30: ='CARGAR datos'!I16 -> - | Z30: Piso: | AB30: ='CARGAR datos'!K16 -> - | AD30: Dpto.: | AF30: ='CARGAR datos'!M16 -> -
A32: Localidad de: | F32: ='CARGAR datos'!O16 -> BAHIA BLANCA | O32: Código Postal: | T32: ='CARGAR datos'!Q16 -> 8000 | Y32: TEL. /Fax.: | AC32: ='CARGAR datos'!E13 -> -
A34: E-mail: | D34: ='CARGAR datos'!E14 -> -
B37: DATOS DEL INMUEBLE:
A39: Circ.: | C39: ='CARGAR datos'!F32 -> - | E39: Secc.: | G39: ='CARGAR datos'!H32 -> - | I39: Mz.: | K39: ='CARGAR datos'!J32 -> - | M39: Parc.: | O39: ='CARGAR datos'!L32 -> - | Q39: Part.: | S39: ='CARGAR datos'!O32 -> - | W39: Calle: | Y39: ='CARGAR datos'!E30 -> -
A41: Entre: | C41: ='CARGAR datos'!E33 -> - | Q41: y | R41: ='CARGAR datos'!I33 -> -
A43: Tramitado bajo Exp. Municipal Nº | L43: ='CARGAR datos'!F55 -> - | X43: Letra: | Z43: ='CARGAR datos'!H55 -> - | AC43: Año: | AE43: ='CARGAR datos'!J55 -> -
B46: DATOS DE LA INSTALACION ELECTRICA A ALIMENTAR
A48: Potencia máxima a demandar: | K48: ='CARGAR datos'!E47 -> - | P48: Kw | U48: Valor de PAT: | Z48: ='CARGAR datos'!D65 -> 8 | AF48: Ohms
A50: Monofásica: | E50: ='CARGAR datos'!E50 -> - | G50: Trifásica: | J50: ='CARGAR datos'!E52 -> - | N50: •Industrial | Q50: ='CARGAR datos'!I50 -> - | S50: •Comercial: | Z50: ='CARGAR datos'!I51 -> - | AC50: •Residencial: | AH50: ='CARGAR datos'!I52 -> -
A51: *Validez de esta Autorización: 30 días corridos de la fecha de aprobación municipal.
A52: *El propietario autoriza a que la instalación eléctrica sea inspeccionada por la
A53: Municipalidad correspondiente y/o los Colegios Profesionales.
A54: Observaciones: | F54: ='CARGAR datos'!C54 -> -
A59: INSTALADOR | J59: PROPIETARIO | S59: MUNICIPALIDAD | AB59: COLEGIO
A61: ='CARGAR datos'!I10 -> 0 | J61: ='CARGAR datos'!L10 -> 0
A66: ='CARGAR datos'!E19 -> - | J66: ='CARGAR datos'!E8 -> -
C67: ='CARGAR datos'!E25 -> - | K67: ='CARGAR datos'!E10 -> -
B68: Fecha: | E68: ='CARGAR datos'!Z25 -> 46204 | K68: Fecha: | N68: ='CARGAR datos'!Z25 -> 46204 | T68: Fecha: | AC68: Fecha:

Sheet CAIE-ER
R2: CERTIFICADO DE APTITUD
Q3: INSTALACIÓN ELÉCTRICA (CAIE) ER
G7: SUMINISTRO DE MEDIDOR PARA ENERGÍA DISTRIBUIDA
E9: 220V | G9: T1R-ER < 3 Kw | K9: X | N9: 380V | P9: CAIE-ER < 5 Kw | T9: X
G10: T1R-ER > 3 < 6 Kw | K10: X | P10: CAIE-ER < 5 < 15 Kw | T10: X
P11: CAIE-ER > 15 Kw | T11: X
B13: El presente CERTIFICADO DE APTITUD DE INSTALACION ELECTRICA para ENERGIAS RENOVABLES se elabora para
B14: dar cumplimiento a la ley 27424 y a las futuras RESOLUCIONES DE LA DIRECCION PROVINCIAL DE ENERGIA
C15: Para ser válido deberá estar visado por el Colegio de Técnicos de la Provincia de Buenos Aires
B17: Datos del Profesional
B18: El que suscribe | E18: ='CARGAR datos'!E19 -> - | M18: , CUIT: | O18: ='CARGAR datos'!E21 -> -
B19: Instalador Electricista con el título de | H19: ='CARGAR datos'!E24 -> - | O19: Matrícula: | Q19: ='CARGAR datos'!E25 -> - | S19: Reg. Inst. Mun.: | V19: ='CARGAR datos'!K25 -> -
B20: con domicilio legal en | F20: ='CARGAR datos'!E23 -> - | K20: ='CARGAR datos'!I23 -> - | M20: C.P.: | N20: ='CARGAR datos'!Q23 -> 8000 | P20: ='CARGAR datos'!O23 -> BAHIA BLANCA
B21: Declara bajo su propia responsabilidad que la instalación eléctrica que se describe, ha sido realizada conforme a lo establecido en
B22: la Ley 27424 el reglamento de instalaciones eléctricas en inmuebles según:
E24: LEY NACIONAL 27424 | N24: Resolución Reglamentaria 314/18
B26: Datos del Titular
B27: Apellido y Nombre: | F27: ='CARGAR datos'!E8 -> - | N27: CUIT: | O27: ='CARGAR datos'!E10 -> -
B28: Domicilio Legal en | F28: ='CARGAR datos'!E16 -> - | K28: ='CARGAR datos'!I16 -> - | M28: C.P.: | N28: ='CARGAR datos'!Q16 -> 8000 | P28: ='CARGAR datos'!O16 -> BAHIA BLANCA
B30: Datos del Inmueble
B31: Partido: | D31: ='CARGAR datos'!J31 -> BAHIA BLANCA | H31: Partida: | J31: ='CARGAR datos'!O32 -> - | L31: Circ.: | M31: ='CARGAR datos'!F32 -> - | N31: Secc.: | O31: ='CARGAR datos'!H32 -> - | P31: Mz.: | Q31: ='CARGAR datos'!J32 -> - | R31: Parc.: | S31: ='CARGAR datos'!L32 -> - | T31: SubParc.:
B32: Calle: | C32: ='CARGAR datos'!E30 -> - | K32: Nro: | L32: ='CARGAR datos'!I30 -> - | N32: Localidad: | P32: ='CARGAR datos'!E31 -> BAHIA BLANCA
B33: Trámite Exp. Nro.: | E33: ='CARGAR datos'!F55 -> - | J33: Letra: | K33: ='CARGAR datos'!H55 -> - | M33: Año: | N33: ='CARGAR datos'!J55 -> -
F35: CONEXIÓN DE UN EQUIPO DE GENERACION DISTRIBUIDA A LA RED
C37: Potencia de Acople a Instalar: | I37: ='CARGAR datos'!S47 -> - | K37: KW | L37: Número de contribuyente:
B39: Instalación y certificación del sistema de generación de energías renovables conectadas a la red de acuerdo a la LEY NACIONAL
B40: N° 27424 y sus Anexos reglamentarios expresados en la resolución 314 del 20 de diciembre de 2018 de la SECRETARIA DE
B41: GOBIERNO DE ENERGIA dependiente del Ministerio de Hacienda. (RESOL-2018-314-APN-SGE#MHA) y sus anexos técnicos
B43: Sí | C43: No
B44: X | C44: X | D44: SISTEMA DE GENERACION DISTRIBUIDA INSTALADO EN CONFORMIDAD CON LO DISPUESTO EN LA
D45: LEY 27424 Y SU REGLAMENTACION VIGENTE
B46: X | C46: X | D46: CORRECTA INSTALACION DEL TABLERO PRINCIPAL
B47: X | C47: X | D47: PROTECCIONES PRINCIPALES Y DE PUESTA A TIERRA (SISTEMA EXISTENTE Y SISTEMA DE G. D.)
B48: X | C48: X | D48: CUMPLE CON LOS TIEMPOS MINIMOS DE RECONEXION > a 180 segundos
B49: X | C49: X | D49: AJUSTES DE LAS PROTECCION GENERADOR-RED (GR) VERIFICADAS SATISFACTORIAMENTE
B50: X | C50: X | D50: VERIFICACION DE DESCONEXION ANTE CORTE DE RED (ANTI-ISLA) < a 2 segundos
B51: X | C51: X | D51: DISTORSION ARMONICOS MENOR 5% THDI -
B53: Observaciones: | E53: ='CARGAR datos'!C54 -> -
D57: PROFESIONAL | I57: TITULAR | N57: MUNICIPALIDAD | S57: COLEGIO
C58: ='CARGAR datos'!I10 -> 0 | H58: ='CARGAR datos'!L10 -> 0
C63: Fecha: | E63: ='CARGAR datos'!Z25 -> 46204 | H63: Fecha: | J63: ='CARGAR datos'!Z25 -> 46204

Sheet Planilla MBB
G8: DEPARTAMENTO DE ELECTRICIDAD Y MECÁNICA
M10: CONSTANCIA DE ENTREGA
B14: Se detalla a continuación la documentación a presentar por el matriculado:
C16: Construcción c/permiso:
C20: Construcción s/permiso: | M20: CONTRATO / ANEXA / PLANO ELECTRICO
C22: PLANO ANTECEDENTE CIVIL
C24: C.A.I.E:
C26: PLANILLA A / PLANILLA B / INFORME TÉCNICO PARA 2 UNIDADES
B29: FECHA: | F29: 46148
B31: PROPIETARIO: | I31: ='CARGAR datos'!E8 -> -
B33: INSTALADOR: | I33: ='CARGAR datos'!E19 -> -
B35: FIRMA Y ACLARACIÓN:
B38: RECIBÍ CONFORME
B40: FECHA:
B42: APROBADO:
B44: OBSERVADO:
B46: FIRMA Y ACLARACIÓN:

Sheet INF. TEC.
J1: INFORME TECNICO DE LA INSTALACION ELECTRICA
J4: El siguiente informe se realiza para dar cumplimiento al punto 10.3 del "Anexo de la reglamentación para la ejecución de Instalaciones Eléctricas en Inmuebles de AEA" según la Ordenanza de la Municipalidad de Bahía Blanca Nº 11233
B10: PROPIETARIO: | H10: ='CARGAR datos'!E8 -> -
B11: DOMICILIO: | F11: ='CARGAR datos'!E30 -> - | AG11: N° | AH11: ='CARGAR datos'!I30 -> -
B12: NOMENCLATRA CATASTRAL: | L12: CIRC. | N12: ='CARGAR datos'!F32 -> - | P12: SECC. | S12: ='CARGAR datos'!H32 -> - | U12: MZ. | W12: ='CARGAR datos'!J32 -> - | Z12: PLA. | AB12: ='CARGAR datos'!L32 -> - | AD12: PDA. | AF12: ='CARGAR datos'!O32 -> -
B13: LOCALIDAD: | G13: ='CARGAR datos'!E31 -> BAHIA BLANCA
B14: PROFESIONAL: | H14: ='CARGAR datos'!E19 -> -
B15: MATRICULA: | G15: ='CARGAR datos'!E25 -> -
A18: DESCRIPCION DE LA INSTALACIÓN ELECTRICA
A20: ˃PILAR
A21: Se encuentra uicado en el frente de la vivienda y contiene un tablero general de 8 bocas junto con el gabinete de medidor y la conexión de puesta a tierra.
A24: ˃TABLEROS
A25: Son dos y estan conformados por termica y disyuntor generales.
A30: ˃CANALIZACIONES
A37: ˃CONDUCTORES
A43: ˃CIRCUITOS
A49: ˃PUESTA A TIERRA
A56: El profesional, no será responsable de los trabajos faltantes en el local, ni de vicios ocultos, ni de las modificaciones posteriores.
A59: INSTALADOR | J59: PROPIETARIO | S59: MUNICIPALIDAD | AB59: COLEGIO
A61: ='CARGAR datos'!I10 -> 0 | J61: ='CARGAR datos'!L10 -> 0
A66: ='CARGAR datos'!E19 -> - | J66: ='CARGAR datos'!E8 -> -
C67: ='CARGAR datos'!E25 -> - | K67: ='CARGAR datos'!E10 -> -
B68: Fecha: | E68: ='CARGAR datos'!Z25 -> 46204 | K68: Fecha: | N68: ='CARGAR datos'!Z25 -> 46204 | T68: Fecha: | AC68: Fecha:
AD70: Hoja 1
J74: INFORME TECNICO DE LA INSTALACION ELECTRICA
J77: El siguiente informe se realiza para dar cumplimiento al punto 10.3 del "Anexo de la reglamentación para la ejecución de Instalaciones Eléctricas en Inmuebles de AEA" según la Ordenanza de la Municipalidad de Bahía Blanca Nº 11233
B83: PROPIETARIO: | H83: ='CARGAR datos'!E8 -> -
B84: DOMICILIO: | F84: ='CARGAR datos'!E30 -> - | AG84: N° | AH84: ='CARGAR datos'!I30 -> -
B85: NOMENCLATRA CATASTRAL: | L85: CIRC. | N85: ='CARGAR datos'!F32 -> - | P85: SECC. | S85: ='CARGAR datos'!H32 -> - | U85: MZ. | W85: ='CARGAR datos'!J32 -> - | Z85: PLA. | AB85: ='CARGAR datos'!L32 -> - | AD85: PDA. | AF85: ='CARGAR datos'!O32 -> -
B86: LOCALIDAD: | G86: ='CARGAR datos'!E31 -> BAHIA BLANCA
B87: PROFESIONAL: | H87: ='CARGAR datos'!E19 -> -
B88: MATRICULA: | G88: ='CARGAR datos'!E25 -> -
A91: ˃ESQUEMA DE CIRCUITOS
A110: ˃PLANILLA TOTALIZADORA
A129: El profesional, no será responsable de los trabajos faltantes en el local, ni de vicios ocultos, ni de las modificaciones posteriores.
A132: INSTALADOR | J132: PROPIETARIO | S132: MUNICIPALIDAD | AB132: COLEGIO
A134: ='CARGAR datos'!I10 -> 0 | J134: ='CARGAR datos'!L10 -> 0
A139: ='CARGAR datos'!E19 -> - | J139: ='CARGAR datos'!E8 -> -
C140: ='CARGAR datos'!E25 -> - | K140: ='CARGAR datos'!E10 -> -
B141: Fecha: | E141: ='CARGAR datos'!Z25 -> 46204 | K141: Fecha: | N141: ='CARGAR datos'!Z25 -> 46204 | T141: Fecha: | AC141: Fecha:
AD143: Hoja 2
J148: INFORME TECNICO DE LA INSTALACION ELECTRICA
J151: El siguiente informe se realiza para dar cumplimiento al punto 10.3 del "Anexo de la reglamentación para la ejecución de Instalaciones Eléctricas en Inmuebles de AEA" según la Ordenanza de la Municipalidad de Bahía Blanca Nº 11233
B157: PROPIETARIO: | H157: ='CARGAR datos'!E8 -> -
B158: DOMICILIO: | F158: ='CARGAR datos'!E30 -> - | AG158: N° | AH158: ='CARGAR datos'!I30 -> -
B159: NOMENCLATRA CATASTRAL: | L159: CIRC. | N159: ='CARGAR datos'!F32 -> - | P159: SECC. | S159: ='CARGAR datos'!H32 -> - | U159: MZ. | W159: ='CARGAR datos'!J32 -> - | Z159: PLA. | AB159: ='CARGAR datos'!L32 -> - | AD159: PDA. | AF159: ='CARGAR datos'!O32 -> -
B160: LOCALIDAD: | G160: ='CARGAR datos'!E31 -> BAHIA BLANCA
B161: PROFESIONAL: | H161: ='CARGAR datos'!E19 -> -
B162: MATRICULA: | G162: ='CARGAR datos'!E25 -> -
A165: ˃IMÁGENES
A203: El profesional, no será responsable de los trabajos faltantes en el local, ni de vicios ocultos, ni de las modificaciones posteriores.
A206: INSTALADOR | J206: PROPIETARIO | S206: MUNICIPALIDAD | AB206: COLEGIO
A208: ='CARGAR datos'!I10 -> 0 | J208: ='CARGAR datos'!L10 -> 0
A213: ='CARGAR datos'!E19 -> - | J213: ='CARGAR datos'!E8 -> -
C214: ='CARGAR datos'!E25 -> - | K214: ='CARGAR datos'!E10 -> -
B215: Fecha: | E215: ='CARGAR datos'!Z25 -> 46204 | K215: Fecha: | N215: ='CARGAR datos'!Z25 -> 46204 | T215: Fecha: | AC215: Fecha:
AD217: Hoja 3

Sheet MEM. DESC.
J1: MEMORIA DESCRIPTIVA DE LA INSTALACION ELECTRICA
J4: El siguiente informe se realiza para dar cumplimiento al punto 10.3 del "Anexo de la reglamentación para la ejecución de Instalaciones Eléctricas en Inmuebles de AEA" según la Ordenanza de la Municipalidad de Bahía Blanca Nº 11233
B10: PROPIETARIO: | H10: ='CARGAR datos'!E8 -> -
B11: DOMICILIO: | F11: ='CARGAR datos'!E30 -> - | AG11: N° | AH11: ='CARGAR datos'!I30 -> -
B12: NOMENCLATRA CATASTRAL: | L12: CIRC. | N12: ='CARGAR datos'!F32 -> - | P12: SECC. | S12: ='CARGAR datos'!H32 -> - | U12: MZ. | W12: ='CARGAR datos'!J32 -> - | Z12: PLA. | AB12: ='CARGAR datos'!L32 -> - | AD12: PDA. | AF12: ='CARGAR datos'!O32 -> -
B13: LOCALIDAD: | G13: ='CARGAR datos'!E31 -> BAHIA BLANCA
B14: PROFESIONAL: | H14: ='CARGAR datos'!E19 -> -
B15: MATRICULA: | G15: ='CARGAR datos'!E25 -> -
A18: DESCRIPCION DE LA FUTURA INSTALACIÓN ELECTRICA
A20: ˃ACOMETIDA
A21: Se desarrollará mediante cañería embutida y con cable normalizado de ….
A24: ˃TABLEROS
A25: Se encontrarán en el pilar (ya existente), en planta baja y en planta alta del inmueble y contendrán…
A30: ˃CANALIZACIONES
A31: Serán desarrolladas con materiales normalizados…..
A37: ˃CONDUCTORES
A43: ˃CIRCUITOS
A49: ˃PUESTA A TIERRA
A56: El profesional, no será responsable de los trabajos faltantes en el local, ni de vicios ocultos, ni de las modificaciones posteriores.
A59: INSTALADOR | J59: PROPIETARIO | S59: MUNICIPALIDAD | AB59: COLEGIO
A61: ='CARGAR datos'!I10 -> 0 | J61: ='CARGAR datos'!L10 -> 0
A66: ='CARGAR datos'!E19 -> - | J66: ='CARGAR datos'!E8 -> -
C67: ='CARGAR datos'!E25 -> - | K67: ='CARGAR datos'!E10 -> -
B68: Fecha: | E68: ='CARGAR datos'!Z25 -> 46204 | K68: Fecha: | N68: ='CARGAR datos'!Z25 -> 46204 | T68: Fecha: | AC68: Fecha:
AD70: Hoja 1
J74: MEMORIA DESCRIPTIVA DE LA INSTALACION ELECTRICA
J77: El siguiente informe se realiza para dar cumplimiento al punto 10.3 del "Anexo de la reglamentación para la ejecución de Instalaciones Eléctricas en Inmuebles de AEA" según la Ordenanza de la Municipalidad de Bahía Blanca Nº 11233
B83: PROPIETARIO: | H83: ='CARGAR datos'!E8 -> -
B84: DOMICILIO: | F84: ='CARGAR datos'!E30 -> - | AG84: N° | AH84: ='CARGAR datos'!I30 -> -
B85: NOMENCLATRA CATASTRAL: | L85: CIRC. | N85: ='CARGAR datos'!F32 -> - | P85: SECC. | S85: ='CARGAR datos'!H32 -> - | U85: MZ. | W85: ='CARGAR datos'!J32 -> - | Z85: PLA. | AB85: ='CARGAR datos'!L32 -> - | AD85: PDA. | AF85: ='CARGAR datos'!O32 -> -
B86: LOCALIDAD: | G86: ='CARGAR datos'!E31 -> BAHIA BLANCA
B87: PROFESIONAL: | H87: ='CARGAR datos'!E19 -> -
B88: MATRICULA: | G88: ='CARGAR datos'!E25 -> -
A91: ˃CALCULOS
A92: CALCULO DE PROTECCIONES
D93: If=V/(Rpat+Rtr); donde: | L93: If: Corriente de falla, defecto o fuga
L94: V: Tensión de rede [Volt]
L95: Rpat: Resistencia de la puesta a tierra [Ohm]
L96: Rtr: Resistencia del transformador empresa de energía= 1,5 [Ohm]
B98: Icc= | D98: 220 | G98: / | H98: ( | I98: ='CARGAR datos'!D65 -> 8 | K98: + | L98: 1.5 | N98: )
B100: Icc= | D100: =ROUNDUP(D98/(I98+L98),0) -> 24 | G100: A
B102: INTERRUPTOR DE CORTE GENERAL | K102: VALOR DE PAT | S102: TENSIÓN | AA102: VALOR ADMISIBLE
B104: 0 | K104: =I98 -> 8 | S104: 220 | AA104: =D100 -> 24
A107: CALCULO DE CAIDA DE TENSIÓN
B109: ΔV | D109: = | E109: ( | F109: 2 | H109: . | I109: L | J109: . | K109: I | L109: ) | M109: / | N109: ( | O109: S | P109: . | Q109: C | R109: . | S109: Cos φ | U109: ) | W109: 0,8 representa el cos φ
B111: Donde:
E112: ΔV: Caída de tensión admisible de la línea. [Volt]
E113: L: Longitud del circuito más desfavorable [Metro]
E114: I: Intensidad de corriente del circuito mas desfavorable. [Amper]
E115: S: Sección del conductor del circuito más desfavorable. [mm²]
E116: C: Conductividad del cobre = 58 [M/Ω.mm²]
E117: Cos φ: Tomaremos un valor de 0,8
B118: para ΔV < 5% de la tensión de red.
B120: ΔV= | D120: 2 | F120: . | G120: =T126 -> 25 | I120: . | J120: =M126 -> 6.8181818 | L120: ) | N120: ( | O120: =W126 -> 2.5 | Q120: . | R120: 58 | T120: . | U120: 0.8 | W120: )
B122: ΔV= | D122: =(D120*G120*J120)/(O120*R120*U120) -> 2.9388715 | G122: Volt
B124: CIRCUITO MAS DESFAVORABLE | H124: POTENCIA | M124: CORRIENTE | Q124: TENSIÓN | T124: LONG. | W124: SECCION DE CABLE | AA124: CAIDA DE TENSION | AG124: CUMPLE
AA125: VALOR | AD125: %
B126: 2 | H126: 1500 | K126: WATT | M126: =(H126/Q126) -> 6.8181818 | P126: A | Q126: 220 | S126: V | T126: 25 | V126: M | W126: 2.5 | Y126: MM² | AA126: =D122 -> 2.9388715 | AD126: =ROUNDUP((AA126*100)/Q126,2) -> 1.34 | AG126: =IF(AD126<=5,"SI",IF(AD126>5,"NO")) -> SI
A129: El profesional, no será responsable de los trabajos faltantes en el local, ni de vicios ocultos, ni de las modificaciones posteriores.
A132: INSTALADOR | J132: PROPIETARIO | S132: MUNICIPALIDAD | AB132: COLEGIO
A134: ='CARGAR datos'!I10 -> 0 | J134: ='CARGAR datos'!L10 -> 0
A139: ='CARGAR datos'!E19 -> - | J139: ='CARGAR datos'!E8 -> -
C140: ='CARGAR datos'!E25 -> - | K140: ='CARGAR datos'!E10 -> -
B141: Fecha: | E141: ='CARGAR datos'!Z25 -> 46204 | K141: Fecha: | N141: ='CARGAR datos'!Z25 -> 46204 | T141: Fecha: | AC141: Fecha:
AD143: Hoja 2
J148: MEMORIA DESCRIPTIVA DE LA INSTALACION ELECTRICA
J151: El siguiente informe se realiza para dar cumplimiento al punto 10.3 del "Anexo de la reglamentación para la ejecución de Instalaciones Eléctricas en Inmuebles de AEA" según la Ordenanza de la Municipalidad de Bahía Blanca Nº 11233
B157: PROPIETARIO: | H157: ='CARGAR datos'!E8 -> -
B158: DOMICILIO: | F158: ='CARGAR datos'!E30 -> - | AG158: N° | AH158: ='CARGAR datos'!I30 -> -
B159: NOMENCLATRA CATASTRAL: | L159: CIRC. | N159: ='CARGAR datos'!F32 -> - | P159: SECC. | S159: ='CARGAR datos'!H32 -> - | U159: MZ. | W159: ='CARGAR datos'!J32 -> - | Z159: PLA. | AB159: ='CARGAR datos'!L32 -> - | AD159: PDA. | AF159: ='CARGAR datos'!O32 -> -
B160: LOCALIDAD: | G160: ='CARGAR datos'!E31 -> BAHIA BLANCA
B161: PROFESIONAL: | H161: ='CARGAR datos'!E19 -> -
B162: MATRICULA: | G162: ='CARGAR datos'!E25 -> -
A203: El profesional, no será responsable de los trabajos faltantes en el local, ni de vicios ocultos, ni de las modificaciones posteriores.
A206: INSTALADOR | J206: PROPIETARIO | S206: MUNICIPALIDAD | AB206: COLEGIO
A208: ='CARGAR datos'!I10 -> 0 | J208: ='CARGAR datos'!L10 -> 0
A213: ='CARGAR datos'!E19 -> - | J213: ='CARGAR datos'!E8 -> -
C214: ='CARGAR datos'!E25 -> - | K214: ='CARGAR datos'!E10 -> -
B215: Fecha: | E215: ='CARGAR datos'!Z25 -> 46204 | K215: Fecha: | N215: ='CARGAR datos'!Z25 -> 46204 | T215: Fecha: | AC215: Fecha:
AD217: Hoja 3

Sheet 900-15(1)
A2: PROTOCOLO DE MEDICIÓN DE LA PUESTA A TIERRA Y CONTINUIDAD DE LAS MASAS
A6: RAZÓN SOCIAL: | B6: ='CARGAR datos'!E8 -> -
A8: DIRECCIÓN: | B8: ='CARGAR datos'!E30 -> - | F8: N° | G8: ='CARGAR datos'!I30 -> -
A10: LOCALIDAD: | B10: ='CARGAR datos'!E31 -> BAHIA BLANCA
A12: PROVINCIA: | B12: ='CARGAR datos'!O31 -> BUENOS AIRES
A14: C.P: | B14: ='CARGAR datos'!O33 -> 8000
A16: C.U.I.T.: | B16: ='CARGAR datos'!E10 -> -
A17: DATOS DE LA MEDICIÓN
A18: (7) MARCA, MODELO Y NUMERO DE SERIE DEL INSTRUMENTO UTILIZADO: | C18: --------------------------
A19: FECHA DE CALIBRACIÓN DE INSTRUMENTAL UTILIZADO: | D19: 44949
A20: FECHA DE LA MEDICIÓN: | B20: 44927 | C20: HORA DE INICIO: | D20: 0.33333333 | E20: HORA DE FINALIZACIÓN: | G20: 0.60416667
A21: RESULTADOS OBTENIDOS: | B21: SEGÚN NORMAS
A22: OBSERVACIONES: | B22: SEGÚN NORMAS
A23: DOCUMENTACIÓN QUE SE ADJUNTARA A LA MEDICIÓN
A24: CERTIFICADO DE CALIBRACIÓN. PLANO O CROQUIS.
A28: ='CARGAR datos'!I10 -> 0
A33: FIRMA, ACLARACION Y REGISTRO DEL PROFESIONAL INTERVINENTE
G39: Hoja 1/3

Sheet 900-15(2)
A2: PROTOCOLO DE MEDICIÓN DE LA PUESTA A TIERRA Y CONTINUIDAD DE LAS MASAS
A3: RAZÓN SOCIAL: | C3: ='CARGAR datos'!E8 -> - | K3: C.U.I.T.: | L3: ='CARGAR datos'!E10 -> -
A4: DIRECCIÓN: | C4: ='CARGAR datos'!E30 -> - | G4: N° | H4: ='CARGAR datos'!I30 -> - | J4: LOCALIDAD: | L4: ='CARGAR datos'!E31 -> BAHIA BLANCA
A5: C.P: | B5: ='CARGAR datos'!O33 -> 8000 | C5: PROVINCIA: | E5: ='CARGAR datos'!O31 -> BUENOS AIRES
A6: DATOS DE LA MEDICIÓN
H8: Medición de la puesta a tierra | I8: Medición de la puesta a tierra | J8: Continuidad de las masas | L8: Para la protección contra contactos indirectos se utiliza: dispositivo diferencial (DD), interruptor automático (IA) o fusible (Fus) | M8: ¿El dispositivo de protección empleado puede desconectar en forma automática la alimentación para lograr la protección contra los contactos indirectos? SI / NO
A9: Numero de toma de tierra | B9: Sector | C9: Descripciónde la condición del terreno al momento de la Medición: Lecho seco/Arcilloso/ Pantanoso/Lluvia reciente/Arenoso Seco o Humedo/Otro. | E9: Uso de la puesta a tierra: Toma de tierra del neutro de transformador/ Toma de tierra de seguridad de las Masas/ De protección de equipos electrónicos/ De informática/ De iluminación/ De pararrayos/Otros. | G9: Esquema de conexión a tierra utilizado: TT/TN-S/TN-C/TN- C-S/IT | H9: Valor obtenido con la medición expresado en ohm (Ω) | I9: Cumple SI / NO | J9: El circuito de puesta a tierra es continuo y Permanente: SI / NO | K9: SI / NO
A10: 1 | B10: PILAR | C10: SECO | E10: PROTECCION DE PERSONAL | G10: TT | H10: 10 | I10: SI | J10: SI | K10: SI | L10: DD | M10: SI
A21: Información adicional:
A24: ='CARGAR datos'!I10 -> 0
A29: FIRMA, ACLARACION Y REGISTRO DEL PROFESIONAL INTERVINENTE
M30: Hoja 2/3

Sheet 900-15(3)
A2: PROTOCOLO DE MEDICIÓN DE LA PUESTA A TIERRA Y CONTINUIDAD DE LAS MASAS
A4: RAZÓN SOCIAL: | C4: ='CARGAR datos'!E8 -> - | G4: C.U.I.T.: | H4: ='CARGAR datos'!E10 -> -
A5: DIRECCIÓN: | B5: ='CARGAR datos'!E30 -> - | F5: N° | G5: ='CARGAR datos'!I30 -> - | H5: LOCALIDAD: | I5: ='CARGAR datos'!E31 -> BAHIA BLANCA
A6: C.P.: | B6: ='CARGAR datos'!O33 -> 8000 | C6: PROVINCIA: | D6: ='CARGAR datos'!O31 -> BUENOS AIRES
A7: ANÁLISIS DE LOS DATOS Y MEJORAS A REALIZAR
A8: CONCLUSIONES. | F8: RECOMENDACIONES PARA LA ADECUACIÓN A LA LEGISLACIÓN VIGENTE.
A9: SEGÚN NORMAS
A32: ='CARGAR datos'!I10 -> 0
A37: FIRMA, ACLARACION Y REGISTRO DEL PROFESIONAL INTERVINENTE
I38: Hoja 3/3

Sheet USO LIBRE
J1: PARA USO LIBRE -COLOCAR TITULO-
J4: El siguiente informe se realiza para dar cumplimiento al punto 10.3 del "Anexo de la reglamentación para la ejecución de Instalaciones Eléctricas en Inmuebles de AEA" según la Ordenanza de la Municipalidad de Bahía Blanca Nº 11233
B10: PROPIETARIO: | H10: ='CARGAR datos'!E8 -> -
B11: DOMICILIO: | F11: ='CARGAR datos'!E30 -> - | AG11: N° | AH11: ='CARGAR datos'!I30 -> -
B12: NOMENCLATRA CATASTRAL: | L12: CIRC. | N12: ='CARGAR datos'!F32 -> - | P12: SECC. | S12: ='CARGAR datos'!H32 -> - | U12: MZ. | W12: ='CARGAR datos'!J32 -> - | Z12: PLA. | AB12: ='CARGAR datos'!L32 -> - | AD12: PDA. | AF12: ='CARGAR datos'!O32 -> -
B13: LOCALIDAD: | G13: ='CARGAR datos'!E31 -> BAHIA BLANCA
B14: PROFESIONAL: | H14: ='CARGAR datos'!E19 -> -
B15: MATRICULA: | G15: ='CARGAR datos'!E25 -> -
A59: INSTALADOR | J59: PROPIETARIO | S59: MUNICIPALIDAD | AB59: COLEGIO
A61: ='CARGAR datos'!I10 -> 0 | J61: ='CARGAR datos'!L10 -> 0
A66: ='CARGAR datos'!E19 -> - | J66: ='CARGAR datos'!E8 -> -
C67: ='CARGAR datos'!E25 -> - | K67: ='CARGAR datos'!E10 -> -
B68: Fecha: | E68: ='CARGAR datos'!Z25 -> 46204 | K68: Fecha: | N68: ='CARGAR datos'!Z25 -> 46204 | T68: Fecha: | AC68: Fecha:
AD70: Hoja 1
J74: PARA USO LIBRE -COLOCAR TITULO-
J77: El siguiente informe se realiza para dar cumplimiento al punto 10.3 del "Anexo de la reglamentación para la ejecución de Instalaciones Eléctricas en Inmuebles de AEA" según la Ordenanza de la Municipalidad de Bahía Blanca Nº 11233
B83: PROPIETARIO: | H83: ='CARGAR datos'!E8 -> -
B84: DOMICILIO: | F84: ='CARGAR datos'!E30 -> - | AG84: N° | AH84: ='CARGAR datos'!I30 -> -
B85: NOMENCLATRA CATASTRAL: | L85: CIRC. | N85: ='CARGAR datos'!F32 -> - | P85: SECC. | S85: ='CARGAR datos'!H32 -> - | U85: MZ. | W85: ='CARGAR datos'!J32 -> - | Z85: PLA. | AB85: ='CARGAR datos'!L32 -> - | AD85: PDA. | AF85: ='CARGAR datos'!O32 -> -
B86: LOCALIDAD: | G86: ='CARGAR datos'!E31 -> BAHIA BLANCA
B87: PROFESIONAL: | H87: ='CARGAR datos'!E19 -> -
B88: MATRICULA: | G88: ='CARGAR datos'!E25 -> -
A132: INSTALADOR | J132: PROPIETARIO | S132: MUNICIPALIDAD | AB132: COLEGIO
A134: ='CARGAR datos'!I10 -> 0 | J134: ='CARGAR datos'!L10 -> 0
A139: ='CARGAR datos'!E19 -> - | J139: ='CARGAR datos'!E8 -> -
C140: ='CARGAR datos'!E25 -> - | K140: ='CARGAR datos'!E10 -> -
B141: Fecha: | E141: ='CARGAR datos'!Z25 -> 46204 | K141: Fecha: | N141: ='CARGAR datos'!Z25 -> 46204 | T141: Fecha: | AC141: Fecha:
AD143: Hoja 2
